 Dungeon Crawl Stone Soup version 0.29.0-4-gdea44cf6ec (webtiles) character file.

Game seed: 17692106220252004013

116507 qw the Brawler (level 16, -13/156 HPs)
             Began as a Troll Cinder Acolyte on Sept 1, 2022.
             Was an Elder of Okawaru.
             Mangled by a boulder beetle simulacrum (35 damage)
             ... on level 1 of the Spider Nest on Sept 2, 2022.
             The game lasted 00:17:39 (22643 turns).

qw the Brawler (Troll Cinder Acolyte)              Turns: 22643, Time: 00:17:40

Health: -13/156    AC: 12    Str: 32    XL:     16   Next: 21%
Magic:  22/22      EV: 14    Int:  8    God:    Okawaru [****..]
Gold:   1854       SH: 13    Dex:  5    Spells: 17/17 levels left

rFire   . . .      SeeInvis +     - Unarmed
rCold   . . .      Faith    .   z - +1 kite shield {rPois}
rNeg    . . .      Spirit   .   x - +0 robe "Hutesch" {Regen+ Int-2 Slay+6}
rPois   +          Reflect  .   (helmet restricted)
rElec   .          Harm     .   h - +2 cloak of Enormous Miracles {Rampage SInv}
rCorr   .          Rampage  +   (gloves unavailable)
Will    +....                   (boots unavailable)
Stlth   ++........              m - amulet of regeneration
HPRegen 2.76/turn               n - +4 ring of evasion
MPRegen 0.18/turn               q - +4 ring of protection

@: about to teleport, heroic
A: large, unfitting armour, claws 3, regeneration 1, shaggy fur 1, tough skin 1
a: Renounce Religion, Heroism, Finesse


You were on level 1 of the Spider Nest.
You worshipped Okawaru.
Okawaru was greatly pleased with you.
You visited 5 branches of the dungeon, and saw 24 of its levels.
You visited the Abyss 1 time.

You collected 2547 gold pieces.
You spent 693 gold pieces at shops.


Innate Abilities, Weirdness & Mutations

You are too large for most types of armour.
You have claws for hands.
Your natural rate of healing is unusually fast.
You are covered in fur. (AC +1)
You have tough skin. (AC +1)


   Skills:
 - Level 9.0(14.0) Fighting
 - Level 8.0(13.0) Throwing
 - Level 4.0(9.0) Armour
 - Level 2.1(7.1) Dodging
 - Level 12.8(17.8) Shields
 + Level 19.4(24.4) Unarmed Combat
 - Level 1.0 Spellcasting
 - Level 2.1 Fire Magic
 - Level 10.0 Invocations


You had 17 spell levels left.
You didn't know any spells.
Your spell library contained the following spells:

 Spells                   Type           Power      Damage    Failure   Level
 Scorch                   Fire           6%         2d5       32%         2

Inventory:

Missiles
 e - 53 large rocks (quivered)
 g - 2 javelins
 j - 17 boomerangs
Armour
 c - the +5 kite shield of Discretion {Harm rC- Will++ Dex+4}
   (You acquired it on level 4 of the Lair of Beasts)

   Dex:       It affects your dexterity (+4).
   rC:        It makes you vulnerable to cold.
   Harm:      It increases damage dealt and taken.
   Will:      It greatly increases your willpower.
 h - the +2 cloak of Enormous Miracles (worn) {Rampage SInv}
   (You found it on level 3 of the Dungeon)

   SInv:      It lets you see invisible.
   Rampage:   It bestows one free step when moving towards enemies.
 t - a +2 robe of resistance
 v - +1 swamp dragon scales
 x - the +0 robe "Hutesch" (worn) {Regen+ Int-2 Slay+6}
   (You found it on level 14 of the Dungeon)

   Int:       It affects your intelligence (-2).
   Slay:      It affects your accuracy & damage with ranged weapons and melee
   (+6).
   Regen:     It increases your rate of health regeneration.
 y - +0 fire dragon scales
 z - a +1 kite shield of poison resistance (worn)
Jewellery
 m - an amulet of regeneration (around neck)
 n - a +4 ring of evasion (left claw)
 q - a +4 ring of protection (right claw)
Wands
 p - a wand of digging (4)
Scrolls
 i - 6 scrolls of enchant weapon
 k - 6 scrolls of teleportation
 o - 5 scrolls of identify
Potions
 a - 6 potions of curing
 b - 2 potions of might
 d - 2 potions of mutation
 f - 4 potions of resistance
 l - 4 potions of haste
 r - a potion of magic
 u - 2 potions of cancellation

Dungeon Overview and Level Annotations

Branches:
Dungeon (15/15)            Temple (1/1) D:7            Lair (5/5) D:10
 Shoals (0/4) Lair:2       Spider (1/4) Lair:3        Slime (0/5) Lair:5
    Orc (2/2) D:9             Elf (0/3) Orc:2        Vaults (0/5) D:14
 Depths (0/4) D:15

Altars:
Ashenzari
Makhleb
Nemelex Xobeh
Okawaru
Qazlal
Trog
Wu Jian
Yredelemnul
The Shining One
Jiyva

Shops:
D:2 (   D:6 (   D:9 *   D:12 (=   Orc:2 *[:(


Message History

The culicivora draws strength from your injuries!
The tarantella misses you.
You block the boulder beetle simulacrum's attack.
You eviscerate the moth of wrath!!!
You kill the moth of wrath!
Okawaru accepts your kill.
You hear a faint skittering sound.
The tarantella closely misses you. You block the culicivora's attack.
The tarantella touches you!
You closely miss the culicivora. The tarantella misses you.
The culicivora bites you!
The culicivora draws strength from your injuries!
You block the tarantella's attack.
The boulder beetle simulacrum barely misses you.
22639 ||| READING 7 scrolls of teleportation.
As you read the scroll of teleportation, it crumbles to dust.
You feel strangely unstable. The tarantella barely misses you.
You block the culicivora's attack. The tarantella completely misses you.
The tarantella barely misses you.
You mangle the culicivora!!
The culicivora is almost dead.
The culicivora closely misses you. The tarantella barely misses you.
You block the boulder beetle simulacrum's attack.
You claw the culicivora!
You kill the culicivora!
Okawaru accepts your kill. The tarantella touches you!
You are confused.
The tarantella closely misses you.
Your life force feels restored.
22642 ||| DRINKING 7 potions of curing.
You feel better.
22642 ||| (to cure confusion)
You block the tarantella's attack. x2
You block the boulder beetle simulacrum's attack.
The tarantella touches you but does no damage.
You barely miss the tarantella. The tarantella touches you!
The tarantella closely misses you.
The boulder beetle simulacrum bites you.
The boulder beetle simulacrum freezes you!!
You die...

#..#.#..#..#..##.#....#..
#.....#.^....#.....##.. #
# .....#..##..#.##....#..
#.###..#.#....#.#..# ^ #
....#.#..#..#...#..# .
#^....#%.....##.
#^#^....#..##.....#
#####..Z#...##. .
#(#@.#.#...
#.(.(.%ss...^#.#
...#.#..#.#.#.#.
#.#(#...#>.#.. ..
#.##....#..#. . s ....
.... #. #..# . #.# ....
#.


You could see 2 tarantellas and a boulder beetle simulacrum.

Vanquished Creatures
  Saint Roka (Orc:2)
  Rupert (D:13)
  An Executioner (Abyss:1)
  A tentacled starspawn (Abyss:1)
  Agnes (Spider:1)
  A frost giant (D:15)
  A stone giant (Orc:2)
  A very ugly thing (Abyss:1)
  A blizzard demon (Abyss:1)
  5 ettins
  Snorg (D:14)
  A fire dragon (D:15)
  Josephine (D:11)
  3 vault guards (D:14)
  Fannar (Orc:1)
  2 hydras
  6 boulder beetles
  Erolcha (D:11)
  Erica (D:9)
  4 catoblepae (Lair:5)
  A centaur warrior (D:14)
  A death knight (D:14)
  7 two-headed ogres
  A thrashing horror (Abyss:1)
  4 tengu warriors
  7 death yaks
  Sonja (D:11)
  5 skeletal warriors (D:12)
  Lodul (D:11)
  2 pharaoh ants (Spider:1)
  2 phantasmal warriors (D:14)
  A wizard (D:14)
  A necromancer (D:14)
  2 oklob plants (Lair:5)
  4 ugly things (D:14)
  A deep elf pyromancer (D:14)
  2 wolf spiders (Spider:1)
  3 orc knights
  15 cyclopes
  3 orc sorcerers (Orc:2)
  8 manticores
  A moth of wrath (Spider:1)
  16 elephants
  5 black mambas
  A smoke demon (Abyss:1)
  Maggie (D:10)
  4 torpor snails
  10 cane toads
  2 gargoyles
  An unseen horror (D:13)
  A demonic crawler (Spider:1)
  5 komodo dragons
  A yaktaur (D:14)
  An ancient zyme (Abyss:1)
  A kobold demonologist (D:12)
  An efreet (D:15)
  A rime drake (Lair:5)
  A tengu conjurer (D:12)
  9 trolls
  3 polar bears
  A meliai (Lair:2)
  A tarantella (Spider:1)
  Grinder (D:5)
  A raiju (Abyss:1)
  5 slime creatures (D:14)
  16 blink frogs
  A jumping spider (shapeshifter) (Abyss:1)
  7 wraiths
  72 yaks
  2 flying skulls (D:11)
  2 culicivoras (Spider:1)
  19 humans (D:14)
  2 shadows
  3 small abominations (Abyss:1)
  6 wyverns
  3 ynoxinuls (Abyss:1)
  13 fire elementals
  6 large abominations (Abyss:1)
  3 vampires
  6 basilisks
  2 redbacks (Spider:1)
  3 steam dragons
  6 vampire mosquitoes (D:13)
  2 wargs (Orc:1)
  An acid dragon (D:9)
  12 water moccasins
  23 orc warriors
  3 ice beasts (D:7)
  A hornet zombie (D:7)
  3 sky beasts
  3 black bears
  13 ogres
  15 wolves
  3 boggarts (D:15)
  A phantom (D:7)
  12 centaurs
  3 kobold brigands
  2 gnoll sergeants
  13 bullfrogs
  A wyvern zombie (D:7)
  2 necrophages
  3 scorpions
  17 wights
  5 killer bees
  9 electric eels
  3 centaur zombies (D:7)
  5 jellies
  A quasit (Abyss:1)
  3 hounds
  4 gnoll boudas
  18 orc priests
  6 iguanas
  21 orc wizards
  2 killer bee zombies (D:7)
  24 gnolls
  6 adders
  2 shadow imps
  A white imp (D:5)
  An ufetubus (Abyss:1)
  5 dart slugs (D:1)
  100 orcs
  6 endoplasms
  3 giant cockroaches
  6 hobgoblins
  14 kobolds
  A quokka (D:4)
  8 ball pythons
  6 bats
  3 frilled lizards
  6 goblins
  3 rats
758 creatures vanquished.

Vanquished Creatures (others)
  A tengu conjurer (D:14)
  A large abomination (Abyss:1)
  36 fungi
  27 plants
  4 withered plants (D:7)
69 creatures vanquished.

Grand Total: 827 creatures vanquished

Notes
Turn   | Place    | Note
-------+----------+-------------------------------------------
     0 | D:1      | qw the Troll Cinder Acolyte began the quest for the Orb.
     0 | D:1      | Reached XP level 1. HP: 22/22 MP: 1/1
     0 | D:1      | 0 ||| qw: Version: 0.1-a-97-g2dd2ca4
     0 | D:1      | 0 ||| qw: Game counter: 4901
     0 | D:1      | 0 ||| qw: Always use a shield: true
     0 | D:1      | 0 ||| qw: God list: Okawaru
     0 | D:1      | 0 ||| qw: Allow faded altars: false
     0 | D:1      | 0 ||| qw: Do Orc after D:15 true
     0 | D:1      | 0 ||| qw: Do second Lair branch before Depths: true
     0 | D:1      | 0 ||| qw: Lair rune preference: random
     0 | D:1      | 0 ||| qw: Plans: Normal
     0 | D:1      | 0 ||| PLANNING D:1-11
    29 | D:1      | Found a faded altar of an unknown god.
   111 | D:1      | Reached XP level 2. HP: 29/29 MP: 2/2
   198 | D:1      | 198 ||| Stepping ~*~*~tactically~*~*~ (hiding).
   326 | D:1      | Reached skill level 4 in Unarmed Combat
   358 | D:1      | 358 ||| Stepping ~*~*~tactically~*~*~ (hiding).
   462 | D:1      | Reached XP level 3. HP: 36/36 MP: 3/3
   881 | D:1      | 881 ||| DROPPING ring of magical power.
   882 | D:1      | 882 ||| READING scroll labelled KURATA VAXOTIL.
   883 | D:1      | 883 ||| READING scroll labelled KAUKERCH UGGUSSAH.
   884 | D:1      | 884 ||| DRINKING 2 coppery potions.
   954 | D:2      | Found Yxtuebod's Antique Weapon Shoppe.
   985 | D:2      | Reached skill level 1 in Throwing
   985 | D:2      | Found a stormy altar of Qazlal.
  1134 | D:2      | 1134 ||| Stepping ~*~*~tactically~*~*~ (hiding).
  1135 | D:2      | 1135 ||| Stepping ~*~*~tactically~*~*~ (hiding).
  1266 | D:2      | 1266 ||| READING scroll labelled VOEHAA YJOXT.
  1284 | D:2      | 1284 ||| READING scroll labelled MUENOTURYN.
  1285 | D:2      | 1285 ||| DRINKING 2 sedimented blue potions.
  1286 | D:2      | 1286 ||| DROPPING potion of degeneration.
  1479 | D:3      | Identified the +2 cloak of Enormous Miracles {Rampage SInv}
  1521 | D:3      | Found an ornate altar of the Wu Jian Council.
  1532 | D:3      | You fall into a shaft and drop 1 floor!
  1555 | D:4      | Noticed an ogre
  1561 | D:4      | 1561 ||| INVOKING Fiery Armour.
  1563 | D:4      | HP: 4/36 [ogre/+0 giant club (12)]
  1564 | D:4      | Killed an ogre
  1565 | D:4      | Reached skill level 5 in Unarmed Combat
  1565 | D:4      | Reached XP level 4. HP: 6/44 MP: 4/4
  1565 | D:4      | Reached XP level 5. HP: 6/50 MP: 5/5
  1658 | D:4      | 1658 ||| Stepping ~*~*~tactically~*~*~ (stealth).
  1659 | D:4      | 1659 ||| UPGRADING to +2 cloak of Enormous Miracles
                  | {Rampage SInv}.
  1670 | D:4      | 1670 ||| READING scroll labelled WAIZIV MUULU.
  1671 | D:4      | 1671 ||| DRINKING 3 emerald potions.
  1673 | D:4      | 1673 ||| Stepping ~*~*~tactically~*~*~ (stealth).
  1675 | D:4      | 1675 ||| Stepping ~*~*~tactically~*~*~ (hiding).
  1677 | D:4      | 1677 ||| Stepping ~*~*~tactically~*~*~ (hiding).
  1691 | D:4      | 1691 ||| Stepping ~*~*~tactically~*~*~ (stealth).
  1696 | D:4      | Reached skill level 6 in Unarmed Combat
  1789 | D:3      | 1789 ||| Stepping ~*~*~tactically~*~*~ (stealth).
  1793 | D:3      | 1793 ||| Stepping ~*~*~tactically~*~*~ (outnumbered).
  1804 | D:3      | 1804 ||| Stepping ~*~*~tactically~*~*~ (stealth).
  2029 | D:3      | 2029 ||| READING scroll labelled HAAGUM JOLUYLU.
  2030 | D:3      | 2030 ||| READING scroll labelled OKHUMA MAMUWK.
  2031 | D:3      | 2031 ||| Stepping randomly (stuck).
  2032 | D:3      | 2032 ||| Stepping randomly (stuck).
  2033 | D:3      | 2033 ||| Stepping randomly (stuck).
  2034 | D:3      | 2034 ||| Stepping randomly (stuck).
  2035 | D:3      | 2035 ||| Stepping randomly (stuck).
  2036 | D:3      | 2036 ||| Stepping randomly (stuck).
  2037 | D:3      | 2037 ||| Stepping ~*~*~tactically~*~*~ (cloud).
  2135 | D:4      | 2135 ||| Stepping randomly (stuck).
  2136 | D:4      | 2136 ||| Stepping randomly (stuck).
  2137 | D:4      | 2137 ||| Stepping randomly (stuck).
  2138 | D:4      | 2138 ||| Stepping randomly (stuck).
  2200 | D:4      | 2200 ||| Stepping ~*~*~tactically~*~*~ (stealth).
  2473 | D:4      | Reached XP level 6. HP: 58/59 MP: 6/6
  2632 | D:4      | Noticed a water moccasin
  2637 | D:4      | Killed a water moccasin
  2638 | D:4      | Reached skill level 7 in Unarmed Combat
  2827 | D:4      | 2827 ||| DROPPING scarf of invisibility.
  2828 | D:4      | 2828 ||| UPGRADING to amulet of regeneration.
  2897 | D:5      | Entered Level 5 of the Dungeon
  2912 | D:5      | 2912 ||| INVOKING Fiery Armour.
  2915 | D:5      | Noticed Grinder
  2928 | D:5      | Killed Grinder
  2929 | D:5      | Reached skill level 8 in Unarmed Combat
  2929 | D:5      | Reached XP level 7. HP: 45/66 MP: 7/7
  3007 | D:5      | 3007 ||| Stepping ~*~*~tactically~*~*~ (stealth).
  3011 | D:5      | 3011 ||| Stepping ~*~*~tactically~*~*~ (stealth).
  3121 | D:5      | Reached skill level 3 in Fighting
  3134 | D:5      | 3134 ||| Stepping ~*~*~tactically~*~*~ (hiding).
  3135 | D:5      | 3135 ||| Stepping ~*~*~tactically~*~*~ (hiding).
  3140 | D:5      | 3140 ||| INVOKING Fiery Armour.
  3317 | D:5      | Reached skill level 9 in Unarmed Combat
  3349 | D:5      | 3349 ||| Stepping ~*~*~tactically~*~*~ (stealth).
  3352 | D:5      | 3352 ||| Stepping ~*~*~tactically~*~*~ (hiding).
  3353 | D:5      | 3353 ||| Stepping ~*~*~tactically~*~*~ (hiding).
  3361 | D:5      | 3361 ||| Stepping ~*~*~tactically~*~*~ (hiding).
  3362 | D:5      | 3362 ||| Stepping ~*~*~tactically~*~*~ (hiding).
  3399 | D:5      | 3399 ||| Stepping ~*~*~tactically~*~*~ (stealth).
  3415 | D:5      | 3415 ||| Stepping ~*~*~tactically~*~*~ (outnumbered).
  3416 | D:5      | 3416 ||| Stepping ~*~*~tactically~*~*~ (outnumbered).
  3417 | D:5      | 3417 ||| Stepping ~*~*~tactically~*~*~ (outnumbered).
  3418 | D:5      | 3418 ||| Stepping ~*~*~tactically~*~*~ (outnumbered).
  3419 | D:5      | 3419 ||| Stepping ~*~*~tactically~*~*~ (outnumbered).
  3420 | D:5      | 3420 ||| Stepping ~*~*~tactically~*~*~ (outnumbered).
  3428 | D:5      | Reached XP level 8. HP: 75/75 MP: 8/8
  3455 | D:5      | 3455 ||| Stepping ~*~*~tactically~*~*~ (outnumbered).
  3458 | D:5      | 3458 ||| Stepping ~*~*~tactically~*~*~ (outnumbered).
  3459 | D:5      | 3459 ||| Stepping ~*~*~tactically~*~*~ (outnumbered).
  3460 | D:5      | 3460 ||| Stepping ~*~*~tactically~*~*~ (outnumbered).
  3464 | D:5      | Reached skill level 1 in Dodging
  3464 | D:5      | 3464 ||| INVOKING Fiery Armour.
  3465 | D:5      | 3465 ||| Stepping ~*~*~tactically~*~*~ (outnumbered).
  3466 | D:5      | 3466 ||| Stepping ~*~*~tactically~*~*~ (outnumbered).
  3468 | D:5      | 3468 ||| Stepping ~*~*~tactically~*~*~ (outnumbered).
  3469 | D:5      | 3469 ||| Stepping ~*~*~tactically~*~*~ (outnumbered).
  3471 | D:5      | HP: 11/75 [gnoll/+0 halberd[a gnoll bouda] (11)]
  3806 | D:5      | 3806 ||| DRINKING 2 orange potions.
  3807 | D:5      | 3807 ||| DROPPING potion of brilliance.
  3858 | D:6      | Found Disun's Antique Weapon Shop.
  3920 | D:6      | 3920 ||| Stepping ~*~*~tactically~*~*~ (stealth).
  3928 | D:6      | 3928 ||| Stepping ~*~*~tactically~*~*~ (outnumbered).
  3931 | D:6      | Reached skill level 10 in Unarmed Combat
  3959 | D:6      | 3959 ||| Stepping ~*~*~tactically~*~*~ (stealth).
  3961 | D:6      | 3961 ||| Stepping ~*~*~tactically~*~*~ (hiding).
  3974 | D:6      | 3974 ||| Stepping ~*~*~tactically~*~*~ (hiding).
  3975 | D:6      | 3975 ||| Stepping ~*~*~tactically~*~*~ (hiding).
  4176 | D:6      | Found a burning altar of Makhleb.
  4241 | D:6      | 4241 ||| Stepping ~*~*~tactically~*~*~ (outnumbered).
  4242 | D:6      | 4242 ||| Stepping ~*~*~tactically~*~*~ (outnumbered).
  4243 | D:6      | 4243 ||| Stepping ~*~*~tactically~*~*~ (outnumbered).
  4244 | D:6      | 4244 ||| Stepping ~*~*~tactically~*~*~ (outnumbered).
  4245 | D:6      | 4245 ||| Stepping ~*~*~tactically~*~*~ (outnumbered).
  4246 | D:6      | 4246 ||| Stepping ~*~*~tactically~*~*~ (outnumbered).
  4247 | D:6      | 4247 ||| Stepping ~*~*~tactically~*~*~ (outnumbered).
  4248 | D:6      | 4248 ||| Stepping ~*~*~tactically~*~*~ (outnumbered).
  4249 | D:6      | 4249 ||| STAIRDANCE
  4251 | D:5      | 4251 ||| READING scroll labelled HOL QERORIXERR.
  4252 | D:5      | 4252 ||| READING scroll labelled COPTIU WUYMUN.
  4253 | D:5      | 4253 ||| READING scroll labelled FEAXKI OPLUAL.
  4354 | D:5      | 4354 ||| READING scroll labelled ARU JOSELEBOKA.
  4357 | D:5      | 4357 ||| DRINKING 2 dark potions.
  4358 | D:5      | 4358 ||| DRINKING 2 metallic brown potions.
  4359 | D:5      | 4359 ||| DROPPING potion of flight.
  4394 | D:6      | 4394 ||| Stepping ~*~*~tactically~*~*~ (stealth).
  4401 | D:6      | 4401 ||| Stepping ~*~*~tactically~*~*~ (outnumbered).
  4402 | D:6      | 4402 ||| STAIRDANCE
  4404 | D:5      | 4404 ||| Stepping ~*~*~tactically~*~*~ (outnumbered).
  4405 | D:5      | 4405 ||| Stepping ~*~*~tactically~*~*~ (outnumbered).
  4406 | D:5      | 4406 ||| Stepping ~*~*~tactically~*~*~ (outnumbered).
  4407 | D:5      | 4407 ||| Stepping ~*~*~tactically~*~*~ (outnumbered).
  4408 | D:5      | 4408 ||| Stepping ~*~*~tactically~*~*~ (outnumbered).
  4409 | D:5      | 4409 ||| Stepping ~*~*~tactically~*~*~ (outnumbered).
  4410 | D:5      | 4410 ||| Stepping ~*~*~tactically~*~*~ (outnumbered).
  4411 | D:5      | 4411 ||| Stepping ~*~*~tactically~*~*~ (outnumbered).
  4412 | D:5      | 4412 ||| Stepping ~*~*~tactically~*~*~ (outnumbered).
  4413 | D:5      | 4413 ||| Stepping ~*~*~tactically~*~*~ (outnumbered).
  4415 | D:5      | 4415 ||| Stepping ~*~*~tactically~*~*~ (outnumbered).
  4418 | D:5      | 4418 ||| Stepping ~*~*~tactically~*~*~ (outnumbered).
  4421 | D:5      | Reached skill level 11 in Unarmed Combat
  4421 | D:5      | Reached XP level 9. HP: 55/81 MP: 9/9
  4462 | D:6      | 4462 ||| STAIRDANCE
  4583 | D:6      | Reached skill level 3 in Throwing
  4913 | D:7      | 4913 ||| Stepping randomly (stuck).
  4914 | D:7      | 4914 ||| Stepping randomly (stuck).
  4915 | D:7      | 4915 ||| Stepping randomly (stuck).
  4915 | D:7      | Noticed a troll
  4917 | D:7      | 4917 ||| Stepping randomly (stuck).
  4918 | D:7      | 4918 ||| Stepping randomly (stuck).
  4922 | D:7      | 4922 ||| FLEEEEING.
  4924 | D:7      | 4924 ||| FLEEEEING.
  4925 | D:7      | 4925 ||| FLEEEEING.
  4928 | D:7      | 4928 ||| FLEEEEING.
  4931 | D:7      | Killed a troll
  4950 | D:7      | 4950 ||| Stepping randomly (stuck).
  4951 | D:7      | 4951 ||| Stepping randomly (stuck).
  4952 | D:7      | 4952 ||| Stepping randomly (stuck).
  4997 | D:7      | Reached skill level 12 in Unarmed Combat
  5087 | D:7      | 5087 ||| Stepping ~*~*~tactically~*~*~ (stealth).
  5088 | D:7      | 5088 ||| Stepping ~*~*~tactically~*~*~ (stealth).
  5112 | D:7      | 5112 ||| Stepping ~*~*~tactically~*~*~ (stealth).
  5113 | D:7      | 5113 ||| Stepping ~*~*~tactically~*~*~ (stealth).
  5166 | D:7      | 5166 ||| INVOKING Fiery Armour.
  5245 | D:7      | Found a staircase to the Ecumenical Temple.
  5269 | D:7      | 5269 ||| Stepping ~*~*~tactically~*~*~ (stealth).
  5274 | D:7      | 5274 ||| Stepping ~*~*~tactically~*~*~ (stealth).
  5379 | D:7      | 5379 ||| Stepping ~*~*~tactically~*~*~ (hiding).
  5382 | D:7      | 5382 ||| Stepping ~*~*~tactically~*~*~ (hiding).
  5383 | D:7      | 5383 ||| Stepping ~*~*~tactically~*~*~ (hiding).
  5384 | D:7      | 5384 ||| Stepping ~*~*~tactically~*~*~ (hiding).
  5402 | D:7      | 5402 ||| Stepping ~*~*~tactically~*~*~ (stealth).
  5449 | D:7      | 5449 ||| INVOKING Fiery Armour.
  5782 | D:7      | Reached skill level 13 in Unarmed Combat
  5818 | D:7      | Reached XP level 10. HP: 96/96 MP: 10/10
  6017 | D:7      | 6017 ||| UPGRADING to +0 steam dragon scales.
  6027 | D:7      | 6027 ||| DROPPING +0 robe.
  6028 | D:7      | 6028 ||| UPGRADING to +4 ring of evasion.
  6029 | D:7      | 6029 ||| UPGRADING to +4 ring of protection.
  6030 | D:7      | 6030 ||| READING scroll labelled HIKHLA IDAQUAR.
  6092 | D:8      | 6092 ||| Stepping ~*~*~tactically~*~*~ (hiding).
  6093 | D:8      | 6093 ||| Stepping ~*~*~tactically~*~*~ (outnumbered).
  6097 | D:8      | 6097 ||| INVOKING Fiery Armour.
  6101 | D:8      | Reached skill level 1 in Armour
  6200 | D:8      | 6200 ||| FLEEEEING.
  6201 | D:8      | 6201 ||| FLEEEEING.
  6203 | D:8      | 6203 ||| FLEEEEING.
  6204 | D:8      | 6204 ||| FLEEEEING.
  6205 | D:8      | 6205 ||| FLEEEEING.
  6206 | D:8      | 6206 ||| FLEEEEING.
  6207 | D:8      | 6207 ||| FLEEEEING.
  6208 | D:8      | 6208 ||| FLEEEEING.
  6209 | D:8      | 6209 ||| FLEEEEING.
  6210 | D:8      | 6210 ||| FLEEEEING.
  6211 | D:8      | 6211 ||| STAIRDANCE
  6313 | D:7      | 6313 ||| UPGRADING to +0 kite shield.
  6318 | D:7      | 6318 ||| READING scroll labelled TOTARE FYSANIECO.
  6321 | D:8      | 6321 ||| STAIRDANCE
  6327 | D:8      | 6327 ||| STAIRDANCE
  6342 | D:8      | 6342 ||| STAIRDANCE
  6344 | D:7      | 6344 ||| Stepping ~*~*~tactically~*~*~ (outnumbered).
  6345 | D:7      | 6345 ||| Stepping ~*~*~tactically~*~*~ (outnumbered).
  6346 | D:7      | 6346 ||| Stepping ~*~*~tactically~*~*~ (outnumbered).
  6357 | D:8      | 6357 ||| STAIRDANCE
  6384 | D:8      | Reached skill level 1 in Shields
  6431 | D:8      | Reached skill level 3 in Shields
  6433 | D:8      | 6433 ||| Stepping ~*~*~tactically~*~*~ (hiding).
  6450 | D:8      | 6450 ||| Stepping ~*~*~tactically~*~*~ (stealth).
  6457 | D:8      | 6457 ||| Stepping ~*~*~tactically~*~*~ (stealth).
  6478 | D:8      | Noticed a cyclops
  6478 | D:8      | Noticed a manticore
  6478 | D:8      | Noticed a two-headed ogre
  6479 | D:8      | 6479 ||| INVOKING Fiery Armour.
  6485 | D:8      | Killed a manticore
  6491 | D:8      | Killed a two-headed ogre
  6492 | D:8      | Reached skill level 6 in Shields
  6498 | D:8      | Killed a cyclops
  6535 | D:8      | 6535 ||| Stepping ~*~*~tactically~*~*~ (hiding).
  6558 | D:8      | 6558 ||| Stepping ~*~*~tactically~*~*~ (stealth).
  6560 | D:8      | 6560 ||| Stepping ~*~*~tactically~*~*~ (hiding).
  6564 | D:8      | Noticed a cyclops
  6587 | D:8      | Killed a cyclops
  6611 | D:8      | Noticed a two-headed ogre
  6612 | D:8      | 6612 ||| Stepping ~*~*~tactically~*~*~ (stealth).
  6620 | D:8      | Killed a two-headed ogre
  6621 | D:8      | Reached XP level 11. HP: 94/102 MP: 11/11
  6774 | D:8      | 6774 ||| Stepping ~*~*~tactically~*~*~ (stealth).
  6777 | D:8      | 6777 ||| Stepping ~*~*~tactically~*~*~ (stealth).
  6787 | D:8      | 6787 ||| Stepping ~*~*~tactically~*~*~ (outnumbered).
  6899 | D:8      | 6899 ||| Stepping ~*~*~tactically~*~*~ (stealth).
  6983 | D:8      | 6983 ||| Stepping ~*~*~tactically~*~*~ (outnumbered).
  7197 | D:8      | 7197 ||| DRINKING 2 blue potions.
  7198 | D:8      | 7198 ||| READING 2 scrolls of identify.
  7198 | D:8      | 7198 ||| IDENTIFYING black potion
  7227 | D:9      | 7227 ||| INVOKING Fiery Armour.
  7233 | D:9      | 7233 ||| Stepping ~*~*~tactically~*~*~ (outnumbered).
  7234 | D:9      | 7234 ||| Stepping ~*~*~tactically~*~*~ (outnumbered).
  7235 | D:9      | 7235 ||| Stepping ~*~*~tactically~*~*~ (outnumbered).
  7236 | D:9      | 7236 ||| Stepping ~*~*~tactically~*~*~ (outnumbered).
  7237 | D:9      | 7237 ||| Stepping ~*~*~tactically~*~*~ (outnumbered).
  7238 | D:9      | 7238 ||| Stepping ~*~*~tactically~*~*~ (outnumbered).
  7239 | D:9      | 7239 ||| Stepping ~*~*~tactically~*~*~ (outnumbered).
  7240 | D:9      | 7240 ||| Stepping ~*~*~tactically~*~*~ (outnumbered).
  7241 | D:9      | Noticed Erica
  7242 | D:9      | 7242 ||| Stepping ~*~*~tactically~*~*~ (outnumbered).
  7242 | D:9      | Found a staircase to the Orcish Mines.
  7257 | D:9      | Reached skill level 9 in Shields
  7266 | D:9      | Killed Erica
  7267 | D:9      | 7267 ||| Stepping ~*~*~tactically~*~*~ (outnumbered).
  7418 | D:9      | 7418 ||| INVOKING Fiery Armour.
  7422 | D:9      | 7422 ||| Stepping ~*~*~tactically~*~*~ (outnumbered).
  7423 | D:9      | 7423 ||| Stepping ~*~*~tactically~*~*~ (outnumbered).
  7424 | D:9      | 7424 ||| Stepping ~*~*~tactically~*~*~ (outnumbered).
  7425 | D:9      | 7425 ||| Stepping ~*~*~tactically~*~*~ (outnumbered).
  7426 | D:9      | 7426 ||| Stepping ~*~*~tactically~*~*~ (outnumbered).
  7428 | D:9      | 7428 ||| Stepping ~*~*~tactically~*~*~ (outnumbered).
  7429 | D:9      | 7429 ||| Stepping ~*~*~tactically~*~*~ (outnumbered).
  7473 | D:9      | 7473 ||| Stepping ~*~*~tactically~*~*~ (outnumbered).
  7480 | D:9      | 7480 ||| Stepping ~*~*~tactically~*~*~ (outnumbered).
  7481 | D:9      | 7481 ||| Stepping ~*~*~tactically~*~*~ (outnumbered).
  7482 | D:9      | 7482 ||| Stepping ~*~*~tactically~*~*~ (outnumbered).
  7483 | D:9      | 7483 ||| Stepping ~*~*~tactically~*~*~ (outnumbered).
  7484 | D:9      | 7484 ||| Stepping ~*~*~tactically~*~*~ (outnumbered).
  7485 | D:9      | 7485 ||| Stepping ~*~*~tactically~*~*~ (outnumbered).
  7486 | D:9      | 7486 ||| Stepping ~*~*~tactically~*~*~ (outnumbered).
  7487 | D:9      | 7487 ||| Stepping ~*~*~tactically~*~*~ (outnumbered).
  7488 | D:9      | 7488 ||| Stepping ~*~*~tactically~*~*~ (outnumbered).
  7489 | D:9      | 7489 ||| Stepping ~*~*~tactically~*~*~ (outnumbered).
  7490 | D:9      | 7490 ||| Stepping ~*~*~tactically~*~*~ (outnumbered).
  7493 | D:9      | 7493 ||| Stepping ~*~*~tactically~*~*~ (outnumbered).
  7494 | D:9      | 7494 ||| Stepping ~*~*~tactically~*~*~ (outnumbered).
  7495 | D:9      | 7495 ||| Stepping ~*~*~tactically~*~*~ (outnumbered).
  7497 | D:9      | 7497 ||| Stepping ~*~*~tactically~*~*~ (outnumbered).
  7498 | D:9      | 7498 ||| Stepping ~*~*~tactically~*~*~ (outnumbered).
  7505 | D:9      | 7505 ||| Stepping ~*~*~tactically~*~*~ (outnumbered).
  7508 | D:9      | 7508 ||| Stepping ~*~*~tactically~*~*~ (outnumbered).
  7509 | D:9      | 7509 ||| Stepping ~*~*~tactically~*~*~ (outnumbered).
  7510 | D:9      | 7510 ||| Stepping ~*~*~tactically~*~*~ (outnumbered).
  7512 | D:9      | 7512 ||| Stepping ~*~*~tactically~*~*~ (outnumbered).
  7513 | D:9      | 7513 ||| Stepping ~*~*~tactically~*~*~ (outnumbered).
  7514 | D:9      | 7514 ||| Stepping ~*~*~tactically~*~*~ (outnumbered).
  7520 | D:9      | 7520 ||| Stepping ~*~*~tactically~*~*~ (outnumbered).
  7697 | D:9      | Found Wueplaat's Serpentskin Sales.
  7698 | D:9      | 7698 ||| INVOKING Fiery Armour.
  7725 | D:9      | 7725 ||| BUYING +1 robe of poison resistance (135 gold).
  7725 | D:9      | Bought a +1 robe of poison resistance for 135 gold pieces
  7725 | D:9      | 7725 ||| SHOPLISTING ring of poison resistance (280 gold,
                  | have 266).
  7788 | D:9      | 7788 ||| UPGRADING to +2 robe of resistance.
  7813 | D:10     | Entered Level 10 of the Dungeon
  7824 | D:10     | 7824 ||| INVOKING Fiery Armour.
  7827 | D:10     | 7827 ||| Stepping ~*~*~tactically~*~*~ (outnumbered).
  7828 | D:10     | 7828 ||| Stepping ~*~*~tactically~*~*~ (outnumbered).
  7831 | D:10     | 7831 ||| Stepping ~*~*~tactically~*~*~ (outnumbered).
  7947 | D:10     | Noticed Maggie
  7955 | D:10     | Killed Maggie
  8158 | D:10     | 8158 ||| Stepping ~*~*~tactically~*~*~ (hiding).
  8159 | D:10     | 8159 ||| Stepping ~*~*~tactically~*~*~ (hiding).
  8166 | D:10     | 8166 ||| DRINKING 2 potions of cancellation.
  8173 | D:10     | Found a staircase to the Lair.
  8186 | D:10     | 8186 ||| DRINKING potion of cancellation.
  8207 | D:10     | 8207 ||| FLEEEEING.
  8208 | D:10     | 8208 ||| FLEEEEING.
  8209 | D:10     | 8209 ||| FLEEEEING.
  8210 | D:10     | 8210 ||| FLEEEEING.
  8211 | D:10     | 8211 ||| FLEEEEING.
  8212 | D:10     | 8212 ||| FLEEEEING.
  8213 | D:10     | 8213 ||| FLEEEEING.
  8214 | D:10     | 8214 ||| FLEEEEING.
  8495 | D:10     | Noticed a two-headed ogre
  8497 | D:10     | 8497 ||| INVOKING Fiery Armour.
  8499 | D:10     | Killed a two-headed ogre
  8500 | D:10     | Reached skill level 14 in Unarmed Combat
  8501 | D:10     | 8501 ||| PLANNING TEMPLE
  8507 | D:10     | 8507 ||| DROPPING +0 steam dragon scales.
  8508 | D:10     | 8508 ||| DROPPING +1 robe of poison resistance.
  8509 | D:10     | 8509 ||| UPGRADING to +0 swamp dragon scales.
  8519 | D:10     | 8519 ||| READING 2 scrolls of identify.
  8519 | D:10     | 8519 ||| IDENTIFYING murky clear potion
  8599 | Temple   | Entered the Ecumenical Temple
  8600 | Temple   | 8600 ||| PLANNING CONVERSION TO OKAWARU
  8603 | Temple   | Fell from the grace of Ignis
  8603 | Temple   | Became a worshipper of Warmaster Okawaru
  8604 | Temple   | 8604 ||| PLANNING LAIR
  8682 | Lair:1   | Entered Level 1 of the Lair of Beasts
  8703 | Lair:1   | 8703 ||| Stepping ~*~*~tactically~*~*~ (outnumbered).
  8711 | Lair:1   | Reached XP level 12. HP: 97/111 MP: 12/12
  8714 | Lair:1   | 8714 ||| Stepping ~*~*~tactically~*~*~ (outnumbered).
  8715 | Lair:1   | 8715 ||| Stepping ~*~*~tactically~*~*~ (outnumbered).
  8716 | Lair:1   | 8716 ||| Stepping ~*~*~tactically~*~*~ (outnumbered).
  8717 | Lair:1   | 8717 ||| Stepping ~*~*~tactically~*~*~ (outnumbered).
  8719 | Lair:1   | 8719 ||| Stepping ~*~*~tactically~*~*~ (outnumbered).
  8720 | Lair:1   | 8720 ||| Stepping ~*~*~tactically~*~*~ (outnumbered).
  8722 | Lair:1   | Reached skill level 3 in Armour
  8728 | Lair:1   | Reached * piety under Okawaru
  8729 | Lair:1   | 8729 ||| INVOKING Heroism.
  8743 | Lair:1   | 8743 ||| INVOKING Heroism.
  8745 | Lair:1   | Reached skill level 1 in Invocations
  8780 | Lair:1   | 8780 ||| Stepping ~*~*~tactically~*~*~ (stealth).
  8793 | Lair:1   | 8793 ||| Stepping ~*~*~tactically~*~*~ (stealth).
  8796 | Lair:1   | 8796 ||| Stepping ~*~*~tactically~*~*~ (stealth).
  8798 | Lair:1   | 8798 ||| Stepping ~*~*~tactically~*~*~ (stealth).
  8801 | Lair:1   | 8801 ||| INVOKING Heroism.
  8808 | Lair:1   | 8808 ||| Stepping ~*~*~tactically~*~*~ (outnumbered).
  8817 | Lair:1   | 8817 ||| INVOKING Heroism.
  8871 | Lair:1   | 8871 ||| INVOKING Heroism.
  8902 | Lair:1   | 8902 ||| INVOKING Heroism.
  9032 | Lair:1   | Reached skill level 6 in Fighting
  9034 | Lair:1   | 9034 ||| INVOKING Heroism.
  9039 | Lair:1   | Reached skill level 3 in Invocations
  9085 | Lair:1   | 9085 ||| INVOKING Heroism.
  9091 | Lair:1   | 9091 ||| Stepping ~*~*~tactically~*~*~ (outnumbered).
  9092 | Lair:1   | 9092 ||| Stepping ~*~*~tactically~*~*~ (outnumbered).
  9093 | Lair:1   | 9093 ||| Stepping ~*~*~tactically~*~*~ (outnumbered).
  9094 | Lair:1   | 9094 ||| Stepping ~*~*~tactically~*~*~ (outnumbered).
  9095 | Lair:1   | 9095 ||| Stepping ~*~*~tactically~*~*~ (outnumbered).
  9096 | Lair:1   | 9096 ||| Stepping ~*~*~tactically~*~*~ (outnumbered).
  9097 | Lair:1   | 9097 ||| Stepping ~*~*~tactically~*~*~ (outnumbered).
  9098 | Lair:1   | 9098 ||| Stepping ~*~*~tactically~*~*~ (outnumbered).
  9099 | Lair:1   | 9099 ||| Stepping ~*~*~tactically~*~*~ (outnumbered).
  9100 | Lair:1   | 9100 ||| Stepping ~*~*~tactically~*~*~ (outnumbered).
  9101 | Lair:1   | 9101 ||| Stepping ~*~*~tactically~*~*~ (outnumbered).
  9102 | Lair:1   | 9102 ||| Stepping ~*~*~tactically~*~*~ (outnumbered).
  9104 | Lair:1   | 9104 ||| INVOKING Heroism.
  9173 | Lair:1   | 9173 ||| Stepping ~*~*~tactically~*~*~ (outnumbered).
  9179 | Lair:1   | 9179 ||| INVOKING Heroism.
  9230 | Lair:1   | Reached ** piety under Okawaru
  9368 | Lair:1   | 9368 ||| READING 2 scrolls of identify.
  9368 | Lair:1   | 9368 ||| IDENTIFYING murky puce potion
  9369 | Lair:1   | 9369 ||| DROPPING potion of ambrosia.
  9393 | Lair:2   | 9393 ||| INVOKING Heroism.
  9397 | Lair:2   | 9397 ||| STAIRDANCE
  9446 | Lair:2   | 9446 ||| INVOKING Heroism.
  9448 | Lair:2   | 9448 ||| Stepping ~*~*~tactically~*~*~ (stealth).
  9451 | Lair:2   | 9451 ||| Stepping ~*~*~tactically~*~*~ (outnumbered).
  9452 | Lair:2   | 9452 ||| Stepping ~*~*~tactically~*~*~ (outnumbered).
  9453 | Lair:2   | 9453 ||| Stepping ~*~*~tactically~*~*~ (outnumbered).
  9454 | Lair:2   | 9454 ||| Stepping ~*~*~tactically~*~*~ (outnumbered).
  9464 | Lair:2   | Reached skill level 6 in Throwing
  9489 | Lair:2   | 9489 ||| INVOKING Heroism.
  9493 | Lair:2   | 9493 ||| Stepping ~*~*~tactically~*~*~ (stealth).
  9587 | Lair:2   | 9587 ||| INVOKING Heroism.
  9642 | Lair:2   | Reached skill level 15 in Unarmed Combat
  9689 | Lair:2   | 9689 ||| INVOKING Heroism.
  9696 | Lair:2   | 9696 ||| Stepping ~*~*~tactically~*~*~ (outnumbered).
  9700 | Lair:2   | 9700 ||| Stepping ~*~*~tactically~*~*~ (outnumbered).
  9703 | Lair:2   | Reached *** piety under Okawaru
  9799 | Lair:2   | 9799 ||| INVOKING Heroism.
  9799 | Lair:2   | Noticed a four-headed hydra
  9800 | Lair:2   | Found a staircase to the Shoals.
  9806 | Lair:2   | 9806 ||| Stepping ~*~*~tactically~*~*~ (outnumbered).
  9813 | Lair:2   | Killed a ten-headed hydra
  9829 | Lair:2   | 9829 ||| INVOKING Heroism.
 10189 | Lair:2   | You fall into a shaft and drop 1 floor!
 10202 | Lair:3   | Reached **** piety under Okawaru
 10203 | Lair:3   | Reached XP level 13. HP: 110/120 MP: 15/15
 10232 | Lair:3   | 10232 ||| READING scroll labelled JEEDET YGEMN.
 10233 | Lair:3   | 10233 ||| READING 4 scrolls of identify.
 10233 | Lair:3   | 10233 ||| IDENTIFYING fuming inky potion
 10234 | Lair:3   | 10234 ||| DROPPING potion of lignification.
 10313 | Lair:3   | Found a hole to the Spider Nest.
 10314 | Lair:3   | 10314 ||| STAIRDANCE
 10316 | Lair:2   | 10316 ||| Stepping ~*~*~tactically~*~*~ (outnumbered).
 10317 | Lair:2   | 10317 ||| Stepping ~*~*~tactically~*~*~ (outnumbered).
 10328 | Lair:3   | 10328 ||| STAIRDANCE
 10330 | Lair:2   | 10330 ||| INVOKING Heroism.
 10348 | Lair:3   | 10348 ||| STAIRDANCE
 10350 | Lair:2   | 10350 ||| INVOKING Heroism.
 10419 | Lair:3   | 10419 ||| INVOKING Heroism.
 10464 | Lair:3   | 10464 ||| Stepping ~*~*~tactically~*~*~ (stealth).
 10465 | Lair:3   | 10465 ||| Stepping ~*~*~tactically~*~*~ (stealth).
 10469 | Lair:3   | 10469 ||| Stepping ~*~*~tactically~*~*~ (hiding).
 10868 | Lair:3   | 10868 ||| INVOKING Heroism.
 11107 | Lair:4   | 11107 ||| INVOKING Heroism.
 11112 | Lair:4   | 11112 ||| Stepping ~*~*~tactically~*~*~ (outnumbered).
 11113 | Lair:4   | 11113 ||| Stepping ~*~*~tactically~*~*~ (outnumbered).
 11114 | Lair:4   | 11114 ||| Stepping ~*~*~tactically~*~*~ (outnumbered).
 11115 | Lair:4   | 11115 ||| Stepping ~*~*~tactically~*~*~ (outnumbered).
 11120 | Lair:4   | 11120 ||| Stepping ~*~*~tactically~*~*~ (outnumbered).
 11121 | Lair:4   | 11121 ||| Stepping ~*~*~tactically~*~*~ (outnumbered).
 11223 | Lair:4   | Was forgiven by Ignis
 11272 | Lair:4   | 11272 ||| INVOKING Heroism.
 11416 | Lair:4   | 11416 ||| INVOKING Heroism.
 11421 | Lair:4   | 11421 ||| Stepping ~*~*~tactically~*~*~ (outnumbered).
 11422 | Lair:4   | 11422 ||| Stepping ~*~*~tactically~*~*~ (outnumbered).
 11426 | Lair:4   | 11426 ||| Stepping ~*~*~tactically~*~*~ (outnumbered).
 11427 | Lair:4   | 11427 ||| Stepping ~*~*~tactically~*~*~ (outnumbered).
 11428 | Lair:4   | 11428 ||| Stepping ~*~*~tactically~*~*~ (outnumbered).
 11429 | Lair:4   | 11429 ||| Stepping ~*~*~tactically~*~*~ (outnumbered).
 11430 | Lair:4   | 11430 ||| Stepping ~*~*~tactically~*~*~ (outnumbered).
 11431 | Lair:4   | 11431 ||| Stepping ~*~*~tactically~*~*~ (outnumbered).
 11432 | Lair:4   | 11432 ||| Stepping ~*~*~tactically~*~*~ (outnumbered).
 11433 | Lair:4   | 11433 ||| Stepping ~*~*~tactically~*~*~ (outnumbered).
 11434 | Lair:4   | 11434 ||| Stepping ~*~*~tactically~*~*~ (outnumbered).
 11435 | Lair:4   | 11435 ||| Stepping ~*~*~tactically~*~*~ (outnumbered).
 11538 | Lair:4   | 11538 ||| Stepping ~*~*~tactically~*~*~ (stealth).
 11541 | Lair:4   | 11541 ||| Stepping ~*~*~tactically~*~*~ (stealth).
 11544 | Lair:4   | 11544 ||| Stepping ~*~*~tactically~*~*~ (stealth).
 11547 | Lair:4   | 11547 ||| INVOKING Heroism.
 11551 | Lair:4   | 11551 ||| Stepping ~*~*~tactically~*~*~ (outnumbered).
 11553 | Lair:4   | 11553 ||| Stepping ~*~*~tactically~*~*~ (outnumbered).
 11554 | Lair:4   | 11554 ||| Stepping ~*~*~tactically~*~*~ (outnumbered).
 11563 | Lair:4   | Reached skill level 6 in Invocations
 11563 | Lair:4   | 11563 ||| Stepping ~*~*~tactically~*~*~ (outnumbered).
 11683 | Lair:4   | 11683 ||| INVOKING Heroism.
 11722 | Lair:4   | 11722 ||| INVOKING Heroism.
 11725 | Lair:4   | Reached ***** piety under Okawaru
 11743 | Lair:4   | 11743 ||| INVOKING Heroism.
 11746 | Lair:4   | 11746 ||| INVOKING Finesse.
 11750 | Lair:4   | Reached skill level 16 in Unarmed Combat
 11880 | Lair:4   | 11880 ||| INVOKING Heroism.
 11896 | Lair:4   | HP: 27/120 [lindwurm/blast of flame (24)]
 11897 | Lair:4   | 11897 ||| READING 6 scrolls of teleportation.
 11898 | Lair:4   | 11898 ||| DRINKING 3 potions of heal wounds.
 11899 | Lair:4   | 11899 ||| INVOKING Heroism.
 12004 | Lair:4   | 12004 ||| INVOKING Heroism.
 12076 | Lair:4   | 12076 ||| Stepping ~*~*~tactically~*~*~ (stealth).
 12077 | Lair:4   | 12077 ||| Stepping ~*~*~tactically~*~*~ (stealth).
 12080 | Lair:4   | 12080 ||| INVOKING Heroism.
 12161 | Lair:4   | 12161 ||| INVOKING Heroism.
 12199 | Lair:4   | HP: 24/120 [lindwurm/blast of flame (32)]
 12200 | Lair:4   | 12200 ||| READING 5 scrolls of teleportation.
 12201 | Lair:4   | 12201 ||| DRINKING 2 potions of heal wounds.
 12202 | Lair:4   | 12202 ||| INVOKING Heroism.
 12263 | Lair:4   | 12263 ||| INVOKING Heroism.
 12279 | Lair:4   | 12279 ||| INVOKING Heroism.
 12306 | Lair:4   | HP: 20/120 [lindwurm/blast of flame (28)]
 12307 | Lair:4   | 12307 ||| READING 4 scrolls of teleportation.
 12308 | Lair:4   | 12308 ||| DRINKING potion of heal wounds.
 12408 | Lair:4   | 12408 ||| READING scroll labelled YNI TIZ SARIMU.
 12408 | Lair:4   | Identified a scroll of acquirement
 12408 | Lair:4   | 12408 ||| ACQUIRING +5 kite shield of Discretion {Harm rC-
                  | Will++ Dex+4}
 12408 | Lair:4   | Acquired the +5 kite shield of Discretion {Harm rC- Will++
                  | Dex+4}
 12436 | Lair:5   | Entered Level 5 of the Lair of Beasts
 12476 | Lair:5   | 12476 ||| INVOKING Heroism.
 12485 | Lair:5   | 12485 ||| Stepping ~*~*~tactically~*~*~ (cloud).
 12486 | Lair:5   | 12486 ||| Stepping ~*~*~tactically~*~*~ (cloud).
 12511 | Lair:5   | 12511 ||| Stepping ~*~*~tactically~*~*~ (stealth).
 12512 | Lair:5   | 12512 ||| Stepping ~*~*~tactically~*~*~ (stealth).
 12518 | Lair:5   | 12518 ||| Stepping ~*~*~tactically~*~*~ (stealth).
 12519 | Lair:5   | 12519 ||| Stepping ~*~*~tactically~*~*~ (stealth).
 12521 | Lair:5   | 12521 ||| Stepping ~*~*~tactically~*~*~ (stealth).
 12523 | Lair:5   | 12523 ||| INVOKING Heroism.
 12629 | Lair:5   | 12629 ||| INVOKING Heroism.
 12642 | Lair:5   | 12642 ||| Stepping ~*~*~tactically~*~*~ (outnumbered).
 12643 | Lair:5   | 12643 ||| Stepping ~*~*~tactically~*~*~ (outnumbered).
 12644 | Lair:5   | 12644 ||| Stepping ~*~*~tactically~*~*~ (outnumbered).
 12645 | Lair:5   | 12645 ||| INVOKING Heroism.
 12646 | Lair:5   | 12646 ||| Stepping ~*~*~tactically~*~*~ (outnumbered).
 12647 | Lair:5   | 12647 ||| Stepping ~*~*~tactically~*~*~ (outnumbered).
 12648 | Lair:5   | 12648 ||| Stepping ~*~*~tactically~*~*~ (outnumbered).
 12695 | Lair:5   | 12695 ||| INVOKING Heroism.
 12702 | Lair:5   | 12702 ||| Stepping ~*~*~tactically~*~*~ (outnumbered).
 12703 | Lair:5   | 12703 ||| Stepping ~*~*~tactically~*~*~ (outnumbered).
 12704 | Lair:5   | 12704 ||| Stepping ~*~*~tactically~*~*~ (outnumbered).
 12705 | Lair:5   | 12705 ||| Stepping ~*~*~tactically~*~*~ (outnumbered).
 12706 | Lair:5   | 12706 ||| Stepping ~*~*~tactically~*~*~ (outnumbered).
 12707 | Lair:5   | 12707 ||| Stepping ~*~*~tactically~*~*~ (outnumbered).
 12708 | Lair:5   | 12708 ||| Stepping ~*~*~tactically~*~*~ (outnumbered).
 12709 | Lair:5   | 12709 ||| Stepping ~*~*~tactically~*~*~ (outnumbered).
 12710 | Lair:5   | 12710 ||| Stepping ~*~*~tactically~*~*~ (outnumbered).
 12711 | Lair:5   | 12711 ||| Stepping ~*~*~tactically~*~*~ (outnumbered).
 12712 | Lair:5   | 12712 ||| Stepping ~*~*~tactically~*~*~ (outnumbered).
 12713 | Lair:5   | 12713 ||| Stepping ~*~*~tactically~*~*~ (outnumbered).
 12810 | Lair:5   | 12810 ||| INVOKING Heroism.
 12859 | Lair:5   | 12859 ||| Stepping ~*~*~tactically~*~*~ (outnumbered).
 12860 | Lair:5   | 12860 ||| Stepping ~*~*~tactically~*~*~ (outnumbered).
 12861 | Lair:5   | 12861 ||| Stepping ~*~*~tactically~*~*~ (outnumbered).
 12862 | Lair:5   | 12862 ||| Stepping ~*~*~tactically~*~*~ (outnumbered).
 12865 | Lair:5   | 12865 ||| Stepping ~*~*~tactically~*~*~ (outnumbered).
 12866 | Lair:5   | 12866 ||| Stepping ~*~*~tactically~*~*~ (outnumbered).
 12867 | Lair:5   | 12867 ||| Stepping ~*~*~tactically~*~*~ (outnumbered).
 12868 | Lair:5   | 12868 ||| Stepping ~*~*~tactically~*~*~ (outnumbered).
 12869 | Lair:5   | 12869 ||| Stepping ~*~*~tactically~*~*~ (outnumbered).
 12870 | Lair:5   | 12870 ||| Stepping ~*~*~tactically~*~*~ (outnumbered).
 12871 | Lair:5   | 12871 ||| Stepping ~*~*~tactically~*~*~ (outnumbered).
 12872 | Lair:5   | 12872 ||| Stepping ~*~*~tactically~*~*~ (outnumbered).
 12873 | Lair:5   | 12873 ||| Stepping ~*~*~tactically~*~*~ (outnumbered).
 12874 | Lair:5   | 12874 ||| Stepping ~*~*~tactically~*~*~ (outnumbered).
 12875 | Lair:5   | 12875 ||| Stepping ~*~*~tactically~*~*~ (outnumbered).
 12876 | Lair:5   | 12876 ||| Stepping ~*~*~tactically~*~*~ (outnumbered).
 12877 | Lair:5   | 12877 ||| Stepping ~*~*~tactically~*~*~ (outnumbered).
 12957 | Lair:5   | 12957 ||| INVOKING Heroism.
 12958 | Lair:5   | 12958 ||| Stepping ~*~*~tactically~*~*~ (stealth).
 12965 | Lair:5   | 12965 ||| Stepping ~*~*~tactically~*~*~ (outnumbered).
 13002 | Lair:5   | 13002 ||| INVOKING Heroism.
 13010 | Lair:5   | 13010 ||| Stepping ~*~*~tactically~*~*~ (outnumbered).
 13011 | Lair:5   | 13011 ||| Stepping ~*~*~tactically~*~*~ (outnumbered).
 13012 | Lair:5   | 13012 ||| Stepping ~*~*~tactically~*~*~ (outnumbered).
 13013 | Lair:5   | 13013 ||| Stepping ~*~*~tactically~*~*~ (outnumbered).
 13014 | Lair:5   | 13014 ||| Stepping ~*~*~tactically~*~*~ (outnumbered).
 13015 | Lair:5   | 13015 ||| Stepping ~*~*~tactically~*~*~ (outnumbered).
 13017 | Lair:5   | 13017 ||| Stepping ~*~*~tactically~*~*~ (outnumbered).
 13046 | Lair:5   | 13046 ||| READING scroll of enchant armour.
 13046 | Lair:5   | 13046 ||| ENCHANTING +0 swamp dragon scales.
 13072 | Lair:5   | 13072 ||| Stepping ~*~*~tactically~*~*~ (cloud).
 13076 | Lair:5   | 13076 ||| INVOKING Heroism.
 13077 | Lair:5   | 13077 ||| INVOKING Finesse.
 13082 | Lair:5   | 13082 ||| Stepping ~*~*~tactically~*~*~ (cloud).
 13135 | Lair:5   | 13135 ||| INVOKING Heroism.
 13136 | Lair:5   | 13136 ||| INVOKING Finesse.
 13149 | Lair:5   | 13149 ||| Stepping ~*~*~tactically~*~*~ (hiding).
 13155 | Lair:5   | Reached XP level 14. HP: 133/133 MP: 12/19
 13159 | Lair:5   | 13159 ||| Stepping ~*~*~tactically~*~*~ (hiding).
 13160 | Lair:5   | 13160 ||| Stepping ~*~*~tactically~*~*~ (hiding).
 13177 | Lair:5   | 13177 ||| Stepping ~*~*~tactically~*~*~ (outnumbered).
 13182 | Lair:5   | 13182 ||| INVOKING Heroism.
 13183 | Lair:5   | 13183 ||| INVOKING Finesse.
 13189 | Lair:5   | Received a gift from Okawaru
 13273 | Lair:5   | 13273 ||| INVOKING Heroism.
 13274 | Lair:5   | 13274 ||| INVOKING Finesse.
 13275 | Lair:5   | 13275 ||| INVOKING Finesse.
 13281 | Lair:5   | 13281 ||| Stepping ~*~*~tactically~*~*~ (stealth).
 13377 | Lair:5   | 13377 ||| Stepping ~*~*~tactically~*~*~ (cloud).
 13383 | Lair:5   | 13383 ||| Stepping ~*~*~tactically~*~*~ (hiding).
 13384 | Lair:5   | 13384 ||| INVOKING Heroism.
 13385 | Lair:5   | 13385 ||| INVOKING Finesse.
 13390 | Lair:5   | 13390 ||| Stepping ~*~*~tactically~*~*~ (cloud).
 13391 | Lair:5   | 13391 ||| Stepping ~*~*~tactically~*~*~ (cloud).
 13392 | Lair:5   | 13392 ||| Stepping ~*~*~tactically~*~*~ (cloud).
 13393 | Lair:5   | 13393 ||| Stepping ~*~*~tactically~*~*~ (cloud).
 13396 | Lair:5   | Reached skill level 9 in Invocations
 13431 | Lair:5   | Found the +10 zealot's sword {holy, *Rage rN+ EV+3}
 13649 | Lair:5   | 13649 ||| Stepping ~*~*~tactically~*~*~ (cloud).
 13652 | Lair:5   | 13652 ||| INVOKING Heroism.
 13653 | Lair:5   | 13653 ||| Stepping ~*~*~tactically~*~*~ (cloud).
 13654 | Lair:5   | 13654 ||| INVOKING Finesse.
 13655 | Lair:5   | 13655 ||| Stepping ~*~*~tactically~*~*~ (cloud).
 13727 | Lair:5   | Found a viscous altar of Jiyva.
 13728 | Lair:5   | 13728 ||| INVOKING Heroism.
 13729 | Lair:5   | 13729 ||| INVOKING Finesse.
 13730 | Lair:5   | Found a staircase to the Slime Pits.
 13851 | Lair:5   | 13851 ||| PLANNING D:1-11
 13851 | Lair:5   | 13851 ||| READING 7 scrolls of identify.
 13851 | Lair:5   | 13851 ||| IDENTIFYING lumpy silvery potion
 14063 | D:11     | 14063 ||| Stepping ~*~*~tactically~*~*~ (hiding).
 14066 | D:11     | 14066 ||| Stepping ~*~*~tactically~*~*~ (hiding).
 14067 | D:11     | 14067 ||| Stepping ~*~*~tactically~*~*~ (hiding).
 14200 | D:11     | Noticed Erolcha
 14201 | D:11     | 14201 ||| INVOKING Heroism.
 14201 | Abyss:1  | Cast into level 1 of the Abyss (Erolcha)
 14244 | Abyss:1  | 14244 ||| Stepping ~*~*~tactically~*~*~ (stealth).
 14281 | Abyss:1  | Received a gift from Okawaru
 14611 | Abyss:1  | Noticed a cyan very ugly thing
 14616 | Abyss:1  | 14616 ||| INVOKING Heroism.
 14619 | Abyss:1  | Killed a cyan very ugly thing
 14619 | Abyss:1  | Received a gift from Okawaru
 14644 | Abyss:1  | 14644 ||| Stepping ~*~*~tactically~*~*~ (stealth).
 14653 | Abyss:1  | 14653 ||| Stepping ~*~*~tactically~*~*~ (stealth).
 14769 | Abyss:1  | Noticed an Executioner
 14770 | Abyss:1  | 14770 ||| Stepping ~*~*~tactically~*~*~ (stealth).
 14831 | Abyss:1  | Noticed a tentacled starspawn
 14835 | Abyss:1  | Killed a tentacled starspawn
 14866 | Abyss:1  | Killed an Executioner
 14878 | Abyss:1  | 14878 ||| Stepping ~*~*~tactically~*~*~ (stealth).
 14879 | Abyss:1  | 14879 ||| Stepping ~*~*~tactically~*~*~ (stealth).
 14880 | Abyss:1  | 14880 ||| Stepping ~*~*~tactically~*~*~ (stealth).
 14995 | Abyss:1  | 14995 ||| Stepping ~*~*~tactically~*~*~ (stealth).
 15022 | Abyss:1  | Noticed a tentacled starspawn
 15023 | Abyss:1  | 15023 ||| Stepping ~*~*~tactically~*~*~ (stealth).
 15023 | Abyss:1  | Found a corrupted altar of Lugonu.
 15067 | Abyss:1  | 15067 ||| Stepping ~*~*~tactically~*~*~ (stealth).
 15079 | Abyss:1  | 15079 ||| Stepping ~*~*~tactically~*~*~ (stealth).
 15086 | Abyss:1  | 15086 ||| Stepping ~*~*~tactically~*~*~ (stealth).
 15089 | Abyss:1  | Identified the +1 robe "Nexaar" {Harm +Blink MP-9} (Okawaru
                  | gifted it to you on level 1 of the Abyss)
 15089 | Abyss:1  | Received a gift from Okawaru
 15101 | Abyss:1  | 15101 ||| Stepping ~*~*~tactically~*~*~ (stealth).
 15103 | Abyss:1  | 15103 ||| Stepping ~*~*~tactically~*~*~ (stealth).
 15114 | Abyss:1  | 15114 ||| Stepping ~*~*~tactically~*~*~ (stealth).
 15117 | Abyss:1  | 15117 ||| Stepping ~*~*~tactically~*~*~ (stealth).
 15119 | Abyss:1  | 15119 ||| Stepping ~*~*~tactically~*~*~ (stealth).
 15129 | Abyss:1  | 15129 ||| INVOKING Heroism.
 15131 | Abyss:1  | HP: 33/133 [something (19)]
 15132 | Abyss:1  | HP: 9/133 [something (26)]
 15133 | Abyss:1  | 15133 ||| Stepping ~*~*~tactically~*~*~ (cloud).
 15134 | Abyss:1  | 15134 ||| READING 3 scrolls of teleportation.
 15137 | Abyss:1  | HP: 13/133 [small abomination (6)]
 15176 | Abyss:1  | 15176 ||| INVOKING Heroism.
 15178 | Abyss:1  | Reached skill level 17 in Unarmed Combat
 15241 | Abyss:1  | 15241 ||| Stepping ~*~*~tactically~*~*~ (stealth).
 15261 | Abyss:1  | 15261 ||| Stepping ~*~*~tactically~*~*~ (stealth).
 15354 | Abyss:1  | Noticed a lich
 15355 | Abyss:1  | 15355 ||| Stepping ~*~*~tactically~*~*~ (stealth).
 15375 | Abyss:1  | 15375 ||| INVOKING Heroism.
 15380 | Abyss:1  | 15380 ||| Stepping ~*~*~tactically~*~*~ (outnumbered).
 15381 | Abyss:1  | 15381 ||| Stepping ~*~*~tactically~*~*~ (outnumbered).
 15382 | Abyss:1  | 15382 ||| Stepping ~*~*~tactically~*~*~ (outnumbered).
 15383 | Abyss:1  | 15383 ||| Stepping ~*~*~tactically~*~*~ (outnumbered).
 15387 | D:11     | Escaped the Abyss
 15388 | D:11     | 15388 ||| INVOKING Finesse.
 15396 | D:11     | Killed Erolcha
 15522 | D:11     | Noticed Lodul
 15523 | D:11     | 15523 ||| INVOKING Heroism.
 15524 | D:11     | 15524 ||| INVOKING Finesse.
 15528 | D:11     | Killed Lodul
 15530 | D:11     | 15530 ||| Stepping ~*~*~tactically~*~*~ (outnumbered).
 15531 | D:11     | 15531 ||| Stepping ~*~*~tactically~*~*~ (outnumbered).
 15533 | D:11     | 15533 ||| Stepping ~*~*~tactically~*~*~ (outnumbered).
 15534 | D:11     | 15534 ||| Stepping ~*~*~tactically~*~*~ (outnumbered).
 15536 | D:11     | 15536 ||| Stepping ~*~*~tactically~*~*~ (outnumbered).
 15661 | D:11     | 15661 ||| Stepping ~*~*~tactically~*~*~ (stealth).
 15762 | D:11     | Noticed Sonja
 15763 | D:11     | 15763 ||| INVOKING Finesse.
 15773 | D:11     | Killed Sonja
 16017 | D:11     | 16017 ||| INVOKING Heroism.
 16018 | D:11     | 16018 ||| INVOKING Finesse.
 16077 | D:11     | Noticed Josephine
 16078 | D:11     | 16078 ||| Stepping ~*~*~tactically~*~*~ (hiding).
 16080 | D:11     | 16080 ||| INVOKING Heroism.
 16085 | D:11     | Killed Josephine
 16279 | D:11     | 16279 ||| PLANNING D
 16279 | D:11     | 16279 ||| DROPPING scarf of shadows.
 16317 | D:12     | 16317 ||| INVOKING Heroism.
 16320 | D:12     | 16320 ||| Stepping ~*~*~tactically~*~*~ (hiding).
 16327 | D:12     | 16327 ||| Stepping ~*~*~tactically~*~*~ (outnumbered).
 16328 | D:12     | 16328 ||| Stepping ~*~*~tactically~*~*~ (hiding).
 16332 | D:12     | 16332 ||| Stepping ~*~*~tactically~*~*~ (outnumbered).
 16333 | D:12     | 16333 ||| Stepping ~*~*~tactically~*~*~ (hiding).
 16334 | D:12     | 16334 ||| Stepping ~*~*~tactically~*~*~ (hiding).
 16336 | D:12     | 16336 ||| Stepping ~*~*~tactically~*~*~ (outnumbered).
 16338 | D:12     | 16338 ||| Stepping ~*~*~tactically~*~*~ (outnumbered).
 16339 | D:12     | 16339 ||| Stepping ~*~*~tactically~*~*~ (outnumbered).
 16341 | D:12     | 16341 ||| Stepping ~*~*~tactically~*~*~ (outnumbered).
 16342 | D:12     | 16342 ||| Stepping ~*~*~tactically~*~*~ (outnumbered).
 16343 | D:12     | 16343 ||| Stepping ~*~*~tactically~*~*~ (outnumbered).
 16344 | D:12     | 16344 ||| Stepping ~*~*~tactically~*~*~ (outnumbered).
 16345 | D:12     | 16345 ||| Stepping ~*~*~tactically~*~*~ (outnumbered).
 16354 | D:12     | 16354 ||| Stepping ~*~*~tactically~*~*~ (outnumbered).
 16355 | D:12     | 16355 ||| Stepping ~*~*~tactically~*~*~ (outnumbered).
 16356 | D:12     | 16356 ||| Stepping ~*~*~tactically~*~*~ (outnumbered).
 16475 | D:12     | 16475 ||| FLEEEEING.
 16476 | D:12     | 16476 ||| FLEEEEING.
 16477 | D:12     | 16477 ||| FLEEEEING.
 16478 | D:12     | 16478 ||| FLEEEEING.
 16479 | D:12     | 16479 ||| FLEEEEING.
 16503 | D:12     | 16503 ||| INVOKING Heroism.
 16507 | D:12     | 16507 ||| Stepping ~*~*~tactically~*~*~ (outnumbered).
 16508 | D:12     | 16508 ||| Stepping ~*~*~tactically~*~*~ (outnumbered).
 16513 | D:12     | 16513 ||| Stepping ~*~*~tactically~*~*~ (outnumbered).
 16514 | D:12     | 16514 ||| Stepping ~*~*~tactically~*~*~ (outnumbered).
 16515 | D:12     | 16515 ||| Stepping ~*~*~tactically~*~*~ (outnumbered).
 16517 | D:12     | 16517 ||| INVOKING Heroism.
 16520 | D:12     | 16520 ||| Stepping ~*~*~tactically~*~*~ (outnumbered).
 16530 | D:12     | 16530 ||| Stepping ~*~*~tactically~*~*~ (outnumbered).
 16537 | D:12     | 16537 ||| Stepping ~*~*~tactically~*~*~ (outnumbered).
 16540 | D:12     | 16540 ||| Stepping ~*~*~tactically~*~*~ (outnumbered).
 16544 | D:12     | 16544 ||| Stepping ~*~*~tactically~*~*~ (outnumbered).
 16548 | D:12     | 16548 ||| Stepping ~*~*~tactically~*~*~ (outnumbered).
 16557 | D:12     | 16557 ||| Stepping ~*~*~tactically~*~*~ (outnumbered).
 16690 | D:12     | 16690 ||| Stepping ~*~*~tactically~*~*~ (stealth).
 16700 | D:12     | 16700 ||| FLEEEEING.
 16725 | D:12     | Found Istauthri's Weapon Emporium.
 16757 | D:12     | 16757 ||| FLEEEEING.
 16758 | D:12     | 16758 ||| FLEEEEING.
 16759 | D:12     | 16759 ||| FLEEEEING.
 16904 | D:12     | 16904 ||| Stepping ~*~*~tactically~*~*~ (stealth).
 16909 | D:12     | Found Oskiese's Jewellery Emporium.
 16915 | D:12     | 16915 ||| FLEEEEING.
 16919 | D:12     | 16919 ||| INVOKING Heroism.
 17446 | D:13     | Noticed Rupert
 17447 | D:13     | 17447 ||| INVOKING Heroism.
 17461 | D:13     | Killed Rupert
 17462 | D:13     | Reached skill level 18 in Unarmed Combat
 17462 | D:13     | Reached XP level 15. HP: 71/140 MP: 19/21
 17525 | D:13     | 17525 ||| FLEEEEING.
 17526 | D:13     | 17526 ||| FLEEEEING.
 17527 | D:13     | 17527 ||| FLEEEEING.
 17528 | D:13     | 17528 ||| FLEEEEING.
 17529 | D:13     | 17529 ||| FLEEEEING.
 17530 | D:13     | 17530 ||| FLEEEEING.
 17531 | D:13     | 17531 ||| FLEEEEING.
 17532 | D:13     | 17532 ||| FLEEEEING.
 17820 | D:13     | 17820 ||| Stepping ~*~*~tactically~*~*~ (hiding).
 18231 | D:13     | 18231 ||| DRINKING 4 potions of curing.
 18231 | D:13     | 18231 ||| (to cure confusion)
 18372 | D:13     | 18372 ||| Stepping ~*~*~tactically~*~*~ (hiding).
 18373 | D:13     | 18373 ||| Stepping ~*~*~tactically~*~*~ (hiding).
 18503 | D:13     | 18503 ||| READING 8 scrolls of identify.
 18503 | D:13     | 18503 ||| IDENTIFYING bubbling black potion
 18504 | D:13     | 18504 ||| READING 7 scrolls of identify.
 18504 | D:13     | 18504 ||| IDENTIFYING fizzy coppery potion
 18505 | D:13     | 18505 ||| DROPPING potion of berserk rage.
 18739 | D:14     | 18739 ||| Stepping ~*~*~tactically~*~*~ (stealth).
 18775 | D:14     | 18775 ||| Stepping ~*~*~tactically~*~*~ (hiding).
 18781 | D:14     | Noticed Snorg
 18788 | D:14     | 18788 ||| INVOKING Heroism.
 18794 | D:14     | Killed Snorg
 18819 | D:14     | 18819 ||| INVOKING Heroism.
 18839 | D:14     | Received a gift from Okawaru
 18955 | D:14     | 18955 ||| FLEEEEING.
 18958 | D:14     | 18958 ||| INVOKING Heroism.
 18959 | D:14     | 18959 ||| Stepping ~*~*~tactically~*~*~ (outnumbered).
 18960 | D:14     | 18960 ||| Stepping ~*~*~tactically~*~*~ (outnumbered).
 18961 | D:14     | 18961 ||| Stepping ~*~*~tactically~*~*~ (outnumbered).
 18976 | D:14     | 18976 ||| Stepping ~*~*~tactically~*~*~ (outnumbered).
 18979 | D:14     | Reached skill level 12 in Shields
 18982 | D:14     | 18982 ||| Stepping ~*~*~tactically~*~*~ (outnumbered).
 18992 | D:14     | 18992 ||| Stepping ~*~*~tactically~*~*~ (outnumbered).
 18995 | D:14     | 18995 ||| Stepping ~*~*~tactically~*~*~ (outnumbered).
 18999 | D:14     | 18999 ||| Stepping ~*~*~tactically~*~*~ (outnumbered).
 19005 | D:14     | 19005 ||| Stepping ~*~*~tactically~*~*~ (outnumbered).
 19012 | D:14     | 19012 ||| Stepping ~*~*~tactically~*~*~ (outnumbered).
 19023 | D:14     | 19023 ||| Stepping ~*~*~tactically~*~*~ (outnumbered).
 19024 | D:14     | 19024 ||| Stepping ~*~*~tactically~*~*~ (outnumbered).
 19037 | D:14     | 19037 ||| FLEEEEING.
 19038 | D:14     | 19038 ||| FLEEEEING.
 19039 | D:14     | 19039 ||| FLEEEEING.
 19040 | D:14     | 19040 ||| FLEEEEING.
 19041 | D:14     | 19041 ||| FLEEEEING.
 19043 | D:14     | 19043 ||| STAIRDANCE
 19056 | D:13     | 19056 ||| DROPPING +2 cloak.
 19057 | D:13     | 19057 ||| READING 6 scrolls of identify.
 19057 | D:13     | 19057 ||| IDENTIFYING bubbling clear potion
 19058 | D:13     | 19058 ||| DROPPING potion of attraction.
 19063 | D:14     | 19063 ||| STAIRDANCE
 19090 | D:14     | Identified the +0 robe "Hutesch" {Regen+ Int-2 Slay+6}
 19092 | D:14     | Identified the +7 whip of Orafus {vorpal, rN+}
 19108 | D:14     | Found a gate to the Vaults.
 19127 | D:14     | Identified the +2 trident of the Thirteen Coins {drain,
                  | *Noise +Blink rElec rN+++}
 19269 | D:14     | 19269 ||| Stepping ~*~*~tactically~*~*~ (stealth).
 19405 | D:14     | 19405 ||| INVOKING Heroism.
 19408 | D:14     | 19408 ||| Stepping ~*~*~tactically~*~*~ (outnumbered).
 19450 | D:14     | 19450 ||| Stepping ~*~*~tactically~*~*~ (outnumbered).
 19457 | D:14     | 19457 ||| FLEEEEING.
 19458 | D:14     | 19458 ||| FLEEEEING.
 19459 | D:14     | 19459 ||| FLEEEEING.
 19460 | D:14     | 19460 ||| FLEEEEING.
 19461 | D:14     | 19461 ||| FLEEEEING.
 19462 | D:14     | 19462 ||| FLEEEEING.
 19463 | D:14     | 19463 ||| FLEEEEING.
 19464 | D:14     | 19464 ||| FLEEEEING.
 19465 | D:14     | 19465 ||| FLEEEEING.
 19466 | D:14     | 19466 ||| FLEEEEING.
 19467 | D:14     | 19467 ||| FLEEEEING.
 19468 | D:14     | 19468 ||| FLEEEEING.
 19469 | D:14     | 19469 ||| FLEEEEING.
 19738 | D:14     | 19738 ||| READING scroll labelled GIF NETARESTRO.
 19762 | D:15     | Entered Level 15 of the Dungeon
 19770 | D:15     | 19770 ||| Stepping ~*~*~tactically~*~*~ (hiding).
 19778 | D:15     | 19778 ||| Stepping ~*~*~tactically~*~*~ (stealth).
 19782 | D:15     | 19782 ||| INVOKING Heroism.
 19791 | D:15     | 19791 ||| Stepping ~*~*~tactically~*~*~ (outnumbered).
 19792 | D:15     | 19792 ||| Stepping ~*~*~tactically~*~*~ (outnumbered).
 19794 | D:15     | 19794 ||| Stepping ~*~*~tactically~*~*~ (outnumbered).
 19795 | D:15     | 19795 ||| Stepping ~*~*~tactically~*~*~ (outnumbered).
 19796 | D:15     | 19796 ||| Stepping ~*~*~tactically~*~*~ (outnumbered).
 19797 | D:15     | 19797 ||| Stepping ~*~*~tactically~*~*~ (outnumbered).
 19798 | D:15     | 19798 ||| Stepping ~*~*~tactically~*~*~ (outnumbered).
 19799 | D:15     | 19799 ||| Stepping ~*~*~tactically~*~*~ (outnumbered).
 19800 | D:15     | 19800 ||| Stepping ~*~*~tactically~*~*~ (outnumbered).
 19801 | D:15     | 19801 ||| Stepping ~*~*~tactically~*~*~ (outnumbered).
 19802 | D:15     | 19802 ||| Stepping ~*~*~tactically~*~*~ (outnumbered).
 19803 | D:15     | 19803 ||| Stepping ~*~*~tactically~*~*~ (outnumbered).
 19804 | D:15     | 19804 ||| Stepping ~*~*~tactically~*~*~ (outnumbered).
 19805 | D:15     | 19805 ||| Stepping ~*~*~tactically~*~*~ (outnumbered).
 19837 | D:15     | 19837 ||| Stepping ~*~*~tactically~*~*~ (hiding).
 19845 | D:15     | Received a gift from Okawaru
 20138 | D:15     | 20138 ||| INVOKING Heroism.
 20139 | D:15     | 20139 ||| INVOKING Finesse.
 20289 | D:15     | Noticed a frost giant
 20290 | D:15     | 20290 ||| Stepping ~*~*~tactically~*~*~ (hiding).
 20294 | D:15     | 20294 ||| INVOKING Heroism.
 20295 | D:15     | 20295 ||| INVOKING Finesse.
 20299 | D:15     | Killed a frost giant
 20344 | D:15     | Found a staircase to the Depths.
 20466 | D:15     | 20466 ||| FLEEEEING.
 20467 | D:15     | 20467 ||| FLEEEEING.
 20517 | D:15     | 20517 ||| INVOKING Heroism.
 20576 | D:15     | 20576 ||| PLANNING ORC
 20576 | D:15     | 20576 ||| DROPPING amulet of the acrobat.
 20754 | Orc:1    | Entered Level 1 of the Orcish Mines
 20758 | Orc:1    | Noticed Fannar
 20762 | Orc:1    | 20762 ||| INVOKING Heroism.
 20767 | Orc:1    | 20767 ||| Stepping ~*~*~tactically~*~*~ (outnumbered).
 20768 | Orc:1    | 20768 ||| Stepping ~*~*~tactically~*~*~ (outnumbered).
 20769 | Orc:1    | 20769 ||| Stepping ~*~*~tactically~*~*~ (outnumbered).
 20770 | Orc:1    | 20770 ||| Stepping ~*~*~tactically~*~*~ (outnumbered).
 20771 | Orc:1    | 20771 ||| Stepping ~*~*~tactically~*~*~ (outnumbered).
 20772 | Orc:1    | 20772 ||| Stepping ~*~*~tactically~*~*~ (outnumbered).
 20773 | Orc:1    | 20773 ||| Stepping ~*~*~tactically~*~*~ (outnumbered).
 20774 | Orc:1    | 20774 ||| Stepping ~*~*~tactically~*~*~ (outnumbered).
 20776 | Orc:1    | Reached skill level 19 in Unarmed Combat
 20790 | Orc:1    | Killed Fannar
 20799 | Orc:1    | 20799 ||| Stepping ~*~*~tactically~*~*~ (stealth).
 20803 | Orc:1    | 20803 ||| Stepping ~*~*~tactically~*~*~ (hiding).
 20805 | Orc:1    | 20805 ||| Stepping ~*~*~tactically~*~*~ (hiding).
 20807 | Orc:1    | 20807 ||| Stepping ~*~*~tactically~*~*~ (hiding).
 20811 | Orc:1    | 20811 ||| INVOKING Heroism.
 20814 | Orc:1    | 20814 ||| INVOKING Finesse.
 20816 | Orc:1    | 20816 ||| Stepping ~*~*~tactically~*~*~ (stealth).
 20827 | Orc:1    | 20827 ||| Stepping ~*~*~tactically~*~*~ (stealth).
 20850 | Orc:1    | 20850 ||| Stepping ~*~*~tactically~*~*~ (hiding).
 20856 | Orc:1    | 20856 ||| Stepping ~*~*~tactically~*~*~ (stealth).
 20872 | Orc:1    | 20872 ||| INVOKING Heroism.
 20906 | Orc:1    | 20906 ||| INVOKING Heroism.
 20913 | Orc:1    | 20913 ||| Stepping ~*~*~tactically~*~*~ (outnumbered).
 20916 | Orc:1    | 20916 ||| Stepping ~*~*~tactically~*~*~ (outnumbered).
 20919 | Orc:1    | 20919 ||| Stepping ~*~*~tactically~*~*~ (outnumbered).
 20925 | Orc:1    | 20925 ||| Stepping ~*~*~tactically~*~*~ (outnumbered).
 20927 | Orc:1    | 20927 ||| Stepping ~*~*~tactically~*~*~ (outnumbered).
 21070 | Orc:1    | 21070 ||| Stepping ~*~*~tactically~*~*~ (hiding).
 21075 | Orc:1    | 21075 ||| INVOKING Heroism.
 21078 | Orc:1    | 21078 ||| Stepping ~*~*~tactically~*~*~ (stealth).
 21085 | Orc:1    | 21085 ||| Stepping ~*~*~tactically~*~*~ (outnumbered).
 21192 | Orc:1    | 21192 ||| INVOKING Heroism.
 21269 | Orc:2    | Entered Level 2 of the Orcish Mines
 21269 | Orc:2    | Found Inkem's Book Shoppe.
 21270 | Orc:2    | 21270 ||| INVOKING Heroism.
 21278 | Orc:2    | 21278 ||| Stepping ~*~*~tactically~*~*~ (outnumbered).
 21279 | Orc:2    | 21279 ||| Stepping ~*~*~tactically~*~*~ (outnumbered).
 21284 | Orc:2    | 21284 ||| Stepping ~*~*~tactically~*~*~ (outnumbered).
 21285 | Orc:2    | 21285 ||| Stepping ~*~*~tactically~*~*~ (outnumbered).
 21286 | Orc:2    | 21286 ||| Stepping ~*~*~tactically~*~*~ (outnumbered).
 21287 | Orc:2    | 21287 ||| Stepping ~*~*~tactically~*~*~ (outnumbered).
 21288 | Orc:2    | 21288 ||| Stepping ~*~*~tactically~*~*~ (outnumbered).
 21289 | Orc:2    | 21289 ||| Stepping ~*~*~tactically~*~*~ (outnumbered).
 21290 | Orc:2    | 21290 ||| Stepping ~*~*~tactically~*~*~ (outnumbered).
 21291 | Orc:2    | 21291 ||| Stepping ~*~*~tactically~*~*~ (outnumbered).
 21292 | Orc:2    | 21292 ||| Stepping ~*~*~tactically~*~*~ (outnumbered).
 21293 | Orc:2    | 21293 ||| Stepping ~*~*~tactically~*~*~ (outnumbered).
 21293 | Orc:2    | Noticed Saint Roka
 21294 | Orc:2    | 21294 ||| Stepping ~*~*~tactically~*~*~ (outnumbered).
 21295 | Orc:2    | 21295 ||| Stepping ~*~*~tactically~*~*~ (outnumbered).
 21296 | Orc:2    | 21296 ||| Stepping ~*~*~tactically~*~*~ (outnumbered).
 21308 | Orc:2    | 21308 ||| Stepping ~*~*~tactically~*~*~ (outnumbered).
 21322 | Orc:2    | 21322 ||| INVOKING Heroism.
 21323 | Orc:2    | 21323 ||| Stepping ~*~*~tactically~*~*~ (outnumbered).
 21376 | Orc:2    | 21376 ||| INVOKING Heroism.
 21384 | Orc:2    | 21384 ||| Stepping ~*~*~tactically~*~*~ (outnumbered).
 21385 | Orc:2    | 21385 ||| Stepping ~*~*~tactically~*~*~ (outnumbered).
 21386 | Orc:2    | 21386 ||| Stepping ~*~*~tactically~*~*~ (outnumbered).
 21387 | Orc:2    | 21387 ||| Stepping ~*~*~tactically~*~*~ (outnumbered).
 21388 | Orc:2    | 21388 ||| Stepping ~*~*~tactically~*~*~ (outnumbered).
 21389 | Orc:2    | 21389 ||| Stepping ~*~*~tactically~*~*~ (outnumbered).
 21390 | Orc:2    | 21390 ||| Stepping ~*~*~tactically~*~*~ (outnumbered).
 21391 | Orc:2    | 21391 ||| Stepping ~*~*~tactically~*~*~ (outnumbered).
 21475 | Orc:2    | 21475 ||| Stepping ~*~*~tactically~*~*~ (stealth).
 21476 | Orc:2    | 21476 ||| Stepping ~*~*~tactically~*~*~ (stealth).
 21486 | Orc:2    | 21486 ||| Stepping ~*~*~tactically~*~*~ (stealth).
 21502 | Orc:2    | 21502 ||| Stepping ~*~*~tactically~*~*~ (stealth).
 21503 | Orc:2    | 21503 ||| Stepping ~*~*~tactically~*~*~ (stealth).
 21504 | Orc:2    | 21504 ||| Stepping ~*~*~tactically~*~*~ (stealth).
 21505 | Orc:2    | 21505 ||| Stepping ~*~*~tactically~*~*~ (stealth).
 21507 | Orc:2    | 21507 ||| INVOKING Heroism.
 21510 | Orc:2    | Reached skill level 9 in Fighting
 21544 | Orc:2    | 21544 ||| FLEEEEING.
 21555 | Orc:2    | 21555 ||| INVOKING Heroism.
 21557 | Orc:2    | 21557 ||| Stepping ~*~*~tactically~*~*~ (stealth).
 21577 | Orc:2    | 21577 ||| Stepping ~*~*~tactically~*~*~ (stealth).
 21592 | Orc:2    | Found Jaust's Antique Weapon Boutique.
 21654 | Orc:2    | 21654 ||| INVOKING Heroism.
 21659 | Orc:2    | 21659 ||| Stepping ~*~*~tactically~*~*~ (outnumbered).
 21660 | Orc:2    | 21660 ||| Stepping ~*~*~tactically~*~*~ (outnumbered).
 21661 | Orc:2    | 21661 ||| Stepping ~*~*~tactically~*~*~ (outnumbered).
 21663 | Orc:2    | 21663 ||| Stepping ~*~*~tactically~*~*~ (outnumbered).
 21664 | Orc:2    | 21664 ||| Stepping ~*~*~tactically~*~*~ (outnumbered).
 21667 | Orc:2    | 21667 ||| Stepping ~*~*~tactically~*~*~ (outnumbered).
 21668 | Orc:2    | 21668 ||| Stepping ~*~*~tactically~*~*~ (outnumbered).
 21670 | Orc:2    | 21670 ||| Stepping ~*~*~tactically~*~*~ (outnumbered).
 21671 | Orc:2    | 21671 ||| Stepping ~*~*~tactically~*~*~ (outnumbered).
 21673 | Orc:2    | 21673 ||| Stepping ~*~*~tactically~*~*~ (outnumbered).
 21676 | Orc:2    | Received a gift from Okawaru
 21691 | Orc:2    | HP: 29/146 [Saint Roka/divine providence (11)]
 21692 | Orc:2    | 21692 ||| READING 8 scrolls of teleportation.
 21693 | Orc:2    | 21693 ||| DRINKING potion of heal wounds.
 21703 | Orc:2    | 21703 ||| FLEEEEING.
 21749 | Orc:2    | 21749 ||| FLEEEEING.
 21750 | Orc:2    | 21750 ||| FLEEEEING.
 21751 | Orc:2    | 21751 ||| FLEEEEING.
 21752 | Orc:2    | 21752 ||| FLEEEEING.
 21753 | Orc:2    | 21753 ||| FLEEEEING.
 21770 | Orc:2    | Reached XP level 16. HP: 153/156 MP: 22/22
 21788 | Orc:2    | Found Baupp's General Store.
 21801 | Orc:2    | 21801 ||| FLEEEEING.
 21806 | Orc:2    | 21806 ||| FLEEEEING.
 21807 | Orc:2    | 21807 ||| INVOKING Heroism.
 21809 | Orc:2    | 21809 ||| STAIRDANCE
 21849 | Orc:2    | 21849 ||| BUYING potion of curing (48 gold).
 21849 | Orc:2    | Bought a potion of curing for 48 gold pieces
 21849 | Orc:2    | 21849 ||| BUYING scroll of enchant weapon (120 gold).
 21849 | Orc:2    | Bought a scroll of enchant weapon for 120 gold pieces
 21943 | Orc:2    | Found a staircase to the Elven Halls.
 22029 | Orc:2    | 22029 ||| INVOKING Heroism.
 22031 | Orc:2    | 22031 ||| Stepping ~*~*~tactically~*~*~ (outnumbered).
 22083 | Orc:2    | Found Wona's Antique Armour Boutique.
 22091 | Orc:2    | 22091 ||| BUYING embroidered cloak (195 gold).
 22091 | Orc:2    | Bought an embroidered cloak for 195 gold pieces
 22091 | Orc:2    | 22091 ||| BUYING shiny kite shield (195 gold).
 22091 | Orc:2    | Bought a shiny kite shield for 195 gold pieces
 22167 | Orc:2    | 22167 ||| Stepping ~*~*~tactically~*~*~ (hiding).
 22172 | Orc:2    | 22172 ||| Stepping ~*~*~tactically~*~*~ (hiding).
 22175 | Orc:2    | 22175 ||| INVOKING Heroism.
 22188 | Orc:2    | Killed Saint Roka
 22375 | Orc:2    | 22375 ||| PLANNING SPIDER:1-3
 22375 | Orc:2    | 22375 ||| DROPPING +2 cloak of preservation.
 22376 | Orc:2    | 22376 ||| UPGRADING to +1 kite shield of poison resistance.
 22386 | Orc:2    | 22386 ||| DROPPING +0 kite shield.
 22387 | Orc:2    | 22387 ||| UPGRADING to +2 robe of resistance.
 22397 | Orc:2    | 22397 ||| UPGRADING to +0 robe "Hutesch" {Regen+ Int-2
                  | Slay+6}.
 22529 | Spider:1 | Entered Level 1 of the Spider Nest
 22530 | Spider:1 | Noticed Agnes
 22531 | Spider:1 | 22531 ||| INVOKING Heroism.
 22543 | Spider:1 | Killed Agnes
 22582 | Spider:1 | 22582 ||| Stepping ~*~*~tactically~*~*~ (stealth).
 22589 | Spider:1 | 22589 ||| Stepping ~*~*~tactically~*~*~ (stealth).
 22593 | Spider:1 | Received a gift from Okawaru
 22618 | Spider:1 | 22618 ||| Stepping ~*~*~tactically~*~*~ (stealth).
 22621 | Spider:1 | 22621 ||| Stepping ~*~*~tactically~*~*~ (hiding).
 22622 | Spider:1 | 22622 ||| INVOKING Heroism.
 22626 | Spider:1 | 22626 ||| Stepping ~*~*~tactically~*~*~ (outnumbered).
 22630 | Spider:1 | 22630 ||| DRINKING 8 potions of curing.
 22630 | Spider:1 | 22630 ||| (to cure confusion)
 22638 | Spider:1 | HP: 32/155 [culicivora (9)]
 22639 | Spider:1 | 22639 ||| READING 7 scrolls of teleportation.
 22642 | Spider:1 | 22642 ||| DRINKING 7 potions of curing.
 22642 | Spider:1 | 22642 ||| (to cure confusion)
 22643 | Spider:1 | HP: 27/156 [tarantella (9)]
 22643 | Spider:1 | Mangled by a boulder beetle simulacrum

Levels and vault maps discovered:
D:1:      minmay_arrival_stair_chambers, layout_loops_ring,
          chequers_ecumenical_altar_island, minmay_statues_item
D:2:      layout_rooms, basic_altar, serial_shops, nicolae_square_shop
D:3:      layout_loops_cross, lemuel_crystal_altar, grunt_decor_cap
D:4:      layout_loops_corners, reono_crystal_passage, supply_closet_lemuel
D:5:      layout_layer_cave, uniq_grinder
D:6:      layout_basic, mainiacjoe_overflow_24_doors, serial_shops,
          nicolae_diamond_shop, st_stairs_14, hangedman_abyss_or_decor_stagger
D:7:      layout_loops_corners, minmay_temple_entry_arrows, serial_undead,
          serial_undead_e, serial_undead_b, serial_undead_b, serial_undead_b,
          wad_woods_river_04, grunt_ministairs_2, minmay_checkerbox
D:8:      layout_loops_ring, minmay_pinched_square
D:9:      layout_rooms, david_orc_2, guppyfry_shop_venom, uniq_erica
D:10:     layout_irregular_city, david_lair_generic, kennysheep_nondescript,
          st_stairs_5, minmay_rotating_lava, uniq_maggie
D:11:     layout_cave_pods, serial_rivers, chequers_serial_rivers_micro_d,
          chequers_serial_rivers_room_b, chequers_serial_rivers_large_a,
          chequers_serial_rivers_small_a, chequers_serial_rivers_small_b,
          uniq_erolcha, uniq_sonja, uniq_lodul, uniq_josephine
D:12:     layout_basic, special_room [special_room_orc], serial_shops, shop,
          nicolae_square_shop
D:13:     layout_gridville, uniq_rupert
D:14:     layout_basic, grunt_vaults_entry_tiered, fountainhead, uniq_snorg
D:15:     grunt_enter_depths_snipers, layout_long_grid, minmay_fountain_box
Temple:   nicolae_temple_bog_church
Lair:1:   layout_big_grid, serial_bayou_shore_b
Lair:2:   layout_roguey, minmay_shoals_entry_centaurs, lemuel_fruit_tree,
          infiniplex_staircase_pool
Lair:3:   layout_concentric_octagons, hellmonk_spider_entry_not_the_bees
Lair:4:   layout_gridlike, nicolae_volcano_entry_vermiform,
          minmay_shattered_shrine
Lair:5:   evilmike_catoblepas_cave, layout_long_grid,
          minmay_slime_entry_oklob_open
Spider:1: layout_spider_delve, uniq_agnes
Orc:1:    layout_caves, basic_altar, uniq_fannar
Orc:2:    grunt_orc_gardens, layout_caves, grunt_orc_garden, grunt_orc_garden,
          grunt_orc_garden, grunt_orc_garden, uniq_saint_roka

Skill      XL: |  1  2  3  4  5  6  7  8  9 10 11 12 13 14 15 |
---------------+----------------------------------------------+-----
Unarmed Combat | 4 5 6 8 9 11 13 14 15 16 18 19 | 19.4
Throwing       | 1 2 3 5 6 7 8 |  8.0
Fighting       | 3 4 5 6 7 9 |  9.0
Dodging        | 1 2 |  2.1
Armour         | 1 2 3 4 |  4.0
Shields        | 8 10 11 12 | 12.8
Invocations    | 4 8 10 | 10.0
Spellcasting   | |  1.0
Fire Magic     | |  2.1

Action                   |  1- 3 |  4- 6 |  7- 9 | 10-12 | 13-15 | 16-18 || total
-------------------------+-------+-------+-------+-------+-------+-------++-------
Melee: Unarmed           |    62 |    94 |   224 |   609 |  1100 |    65 ||  2154
       Punch             |     1 |     1 |     7 |     2 |       |       ||    11
Throw: Javelin           |    28 |    25 |    55 |    15 |    20 |       ||   143
       Boomerang         |       |       |    20 |     1 |    14 |       ||    35
       Large rock        |       |       |       |    44 |   155 |    11 ||   210
Invok: Fiery Armour      |     1 |     1 |     4 |     7 |       |       ||    13
       Heroism           |       |       |       |    17 |    67 |     5 ||    89
       Finesse           |       |       |       |       |    15 |       ||    15
  Use: Scroll            |     4 |     3 |     4 |     5 |    14 |     1 ||    31
       Potion            |     2 |     1 |     3 |     3 |     5 |     2 ||    16
 Stab: Sleeping          |       |       |       |     1 |       |       ||     1
       Distracted        |       |       |       |       |     1 |       ||     1
Armor: Robe              |    14 |    24 |    63 |    35 |       |     9 ||   145
       Steam dragon scal |       |       |       |   116 |       |       ||   116
       Swamp dragon scal |       |       |       |   145 |   334 |     2 ||   481
Dodge: Dodged            |    23 |    22 |    69 |   368 |   368 |    40 ||   890
Block: Kite shield       |       |       |       |   282 |   461 |    37 ||   780

Table legend:
 A = Non-vault XP
 B = Vault XP
 C = Vault XP percentage of total XP
 D = Non-vault monster count
 E = Vault monster count
 F = Vault count percentage of total count
                 A         B        C        D         E       F
            +---------+---------+-------+---------+---------+-------
      Total |  106178 |   60261 |  36.2 |     556 |     190 |  25.5
            +---------+---------+-------+---------+---------+-------
        D:1 |      43 |       0 |   0.0 |      21 |       0 |   0.0
        D:2 |      42 |       0 |   0.0 |      10 |       0 |   0.0
        D:3 |      29 |       0 |   0.0 |      13 |       0 |   0.0
        D:4 |     468 |       0 |   0.0 |      25 |       0 |   0.0
        D:5 |     927 |     286 |  23.6 |      36 |       1 |   2.7
        D:6 |    1447 |      37 |   2.5 |      24 |       1 |   4.0
        D:7 |    1151 |    1228 |  51.6 |      21 |      16 |  43.2
        D:8 |    2374 |    4360 |  64.7 |      31 |      15 |  32.6
        D:9 |    3231 |    1318 |  29.0 |      28 |      14 |  33.3
       D:10 |    1651 |    2512 |  60.3 |      14 |       7 |  33.3
       D:11 |    3584 |    4748 |  57.0 |      13 |      14 |  51.9
       D:12 |    6317 |    1386 |  18.0 |      26 |      25 |  49.0
       D:13 |    5945 |    1914 |  24.4 |      18 |       1 |   5.3
       D:14 |   12892 |    8939 |  40.9 |      28 |      26 |  48.1
       D:15 |    4268 |    2908 |  40.5 |      14 |       3 |  17.6
     Lair:1 |    6889 |       0 |   0.0 |      33 |       0 |   0.0
     Lair:2 |   10315 |    1025 |   9.0 |      31 |       9 |  22.5
     Lair:3 |    1924 |      59 |   3.0 |       8 |       1 |  11.1
     Lair:4 |    6833 |    3662 |  34.9 |      29 |       7 |  19.4
     Lair:5 |   10571 |   11420 |  51.9 |      34 |      25 |  42.4
   Spider:1 |    6294 |    1414 |  18.3 |      14 |       1 |   6.7
      Orc:1 |    5649 |    1787 |  24.0 |      37 |       2 |   5.1
      Orc:2 |    1977 |   11258 |  85.1 |      22 |      22 |  50.0
    Abyss:1 |   11357 |       0 |   0.0 |      26 |       0 |   0.0
            +---------+---------+-------+---------+---------+-------
